Workbook

Sheet Cover
C1: Company Model — built by Shortcut
B2: Fastenal Company (NasdaqGS:FAST)
B3: Company Model — built by Shortcut
B4: $ millions, except per share
B6: Period | C6: 1Q25A | D6: 2Q25A | E6: 3Q25A | F6: 4Q25A | G6: FY25A | H6: 1Q26A | I6: 2Q26A | J6: 3Q26E | L6: Notes / sources
B7: Period end | C7: =DATE(2025,3,31) -> 45747 | D7: =DATE(2025,6,30) -> 45838 | E7: =DATE(2025,9,30) -> 45930 | F7: =DATE(2025,12,31) -> 46022 | G7: =DATE(2025,12,31) -> 46022 | H7: =DATE(2026,3,31) -> 46112 | I7: =DATE(2026,6,30) -> 46203 | J7: =DATE(2026,9,30) -> 46295
B8: Days in period | C8: =C7-DATE(2024,12,31) -> 90 | D8: =D7-C7 -> 91 | E8: =E7-D7 -> 92 | F8: =F7-E7 -> 92 | G8: =G7-DATE(2024,12,31) -> 365 | H8: =H7-F7 -> 90 | I8: =I7-H7 -> 91 | J8: =J7-I7 -> 92
B9: Note: the period strip in rows 6-8 is template navigation only; the tables below are not organised by period columns.
B10: Company | C10: Fastenal Company
B11: Ticker | C11: FAST
B12: Exchange | C12: NasdaqGS (NasdaqGS:FAST)
B13: Fiscal year end | C13: December 31
B14: Forecast period | C14: FQ3 2026 - Sep 2026 (CapIQ label); issuer quarter ended September 30, 2026 (calendar quarter)
B15: Currency | C15: USD
B16: EPS basis | C16: Normalized diluted EPS per common share (CapIQ); equals GAAP diluted EPS — Fastenal reports no non-GAAP adjustments
B17: Information cutoff | C17: 2026-10-11 22:24 UTC
B18: Expected report date | C18: 2026-10-14 before market open (confirmed on Fastenal IR events calendar, S20)
B19: Author | C19: Shortcut
B21: 3Q26E headline | C21: Shortcut est. | D21: Consensus | E21: Variance | F21: Variance % | G21: Guidance mid | H21: # estimates | I21: Cons. high | J21: Cons. low
B22: Revenue ($M) | C22: ='Income Statement'!J11 -> 2471.3863 | D22: =Inputs!C57 -> 2440.33 | E22: =C22-D22 -> 31.05634 | F22: =C22/D22-1 -> 0.012726287 | G22: Not guided | H22: =Inputs!C62 -> 12 | I22: =Inputs!C59 -> 2491 | J22: =Inputs!C60 -> 2359.4
B23: Net income, normalized ($M) | C23: ='Income Statement'!J65 -> 391.10294 | D23: =Inputs!C70 -> 387.16 | E23: =C23-D23 -> 3.9429406 | F23: =C23/D23-1 -> 0.010184267 | G23: Not guided
B24: Diluted EPS, normalized | C24: ='Income Statement'!J66 -> 0.34003038 | D24: =Inputs!C41 -> 0.34 | E24: =C24-D24 -> 3.0377876e-05 | F24: =C24/D24-1 -> 8.9346694e-05 | G24: Not guided | H24: =Inputs!C46 -> 14 | I24: =Inputs!C43 -> 0.35 | J24: =Inputs!C44 -> 0.32
B25: Net income, GAAP ($M) | C25: ='Income Statement'!J45 -> 391.10294 | D25: =Inputs!C71 -> 386.17 | E25: =C25-D25 -> 4.9329406 | F25: =C25/D25-1 -> 0.012774013 | G25: Not guided
B26: Diluted EPS, GAAP | C26: ='Income Statement'!J55 -> 0.34003038 | D26: =Inputs!C50 -> 0.34 | E26: =C26-D26 -> 3.0377876e-05 | F26: =C26/D26-1 -> 8.9346694e-05 | G26: Not guided | H26: =Inputs!C55 -> 11 | I26: =Inputs!C52 -> 0.35 | J26: =Inputs!C53 -> 0.32
B27: Overall model check | C27: =IF(AND(AND('Revenue summary'!C81:I81),AND(Geo!C44:I44),AND('Income Statement'!C58:I58),AND('Balance Sheet'!C22:I22),AND('Balance Sheet'!C45:I45),AND('Cash Flow Statement'!C27:I27),AND('Cash Flow Statement'!C54:I54),'Balance Sheet'!J45),"PASS","FAIL") -> PASS | L27: Historical ties to reported data (cols C:I): segments, geo, EPS, total assets, BS balance, OCF, cash. Forecast internal consistency only: 3Q26E BS balance (BS J45) is a rollforward linkage check, not independent evidence for forecast assumptions. Identity memos excluded (cannot fail): IS J58, Geo J44, RS J81, CF J54, Cover C22:C24 links
B28: P(beat consensus EPS) | C28: =Inputs!C187 -> 0.32
B29: Confidence | C29: =Inputs!C188 -> medium
B31: Consensus column = frozen CapIQ snapshot captured 2026-10-11 (scoring baseline). Newer/other snapshots (reference only):
B32: Snapshot | C32: Date | D32: EPS | E32: Revenue
B33: Earnings Whispers (S23) | C33: 2026-10-06 | D33: 0.34 | E33: 2460
B34: Simply Wall St / Yahoo (S24) | C34: 2026-10-10 | D34: 0.34 | E34: 2440
B36: Key drivers: Jul +15.5% and Aug +16.6% daily sales are reported; September assumed +15.5%; gross margin 2Q26 less 15 bp; SG&A +11.0% Y/Y; tax 24.2%.

Sheet Revenue summary
B2: Fastenal Company (NasdaqGS:FAST)
B3: Revenue summary and revenue drivers
B4: $ millions, except per share
B6: Period | C6: 1Q25A | D6: 2Q25A | E6: 3Q25A | F6: 4Q25A | G6: FY25A | H6: 1Q26A | I6: 2Q26A | J6: 3Q26E | L6: Notes / sources
B7: Period end | C7: =DATE(2025,3,31) -> 45747 | D7: =DATE(2025,6,30) -> 45838 | E7: =DATE(2025,9,30) -> 45930 | F7: =DATE(2025,12,31) -> 46022 | G7: =DATE(2025,12,31) -> 46022 | H7: =DATE(2026,3,31) -> 46112 | I7: =DATE(2026,6,30) -> 46203 | J7: =DATE(2026,9,30) -> 46295
B8: Days in period | C8: =C7-DATE(2024,12,31) -> 90 | D8: =D7-C7 -> 91 | E8: =E7-D7 -> 92 | F8: =F7-E7 -> 92 | G8: =G7-DATE(2024,12,31) -> 365 | H8: =H7-F7 -> 90 | I8: =I7-H7 -> 91 | J8: =J7-I7 -> 92
B10: Net sales
B11: Net sales — year-ago quarter | C11: 1895.1 | D11: 1916.2 | E11: 1910.2 | F11: 1824.5 | G11: 7546 | H11: =C12 -> 1959.4 | I11: =D12 -> 2080.3 | J11: =E12 -> 2133.3 | L11: S12 (1Q24 = 1,959.4-64.3); S13 (2Q24 = 2,080.3-164.1); S03; S04
B12: Net sales (total revenue) | C12: =Inputs!I12 -> 1959.4 | D12: =Inputs!I13 -> 2080.3 | E12: =Inputs!I14 -> 2133.3 | F12: =Inputs!I15 -> 2027.4 | G12: =SUM(C12:F12) -> 8200.4 | H12: =Inputs!I16 -> 2201.7 | I12: =Inputs!I17 -> 2386.9 | J12: =J47 -> 2471.3863 | L12: Actuals link Inputs!I (CapIQ revenue_m_actual = 10-Q/8-K net sales); 3Q26E = monthly build
B13: % Y/Y | C13: =C12/C11-1 -> 0.033929608 | D13: =D12/D11-1 -> 0.085638242 | E13: =E12/E11-1 -> 0.11679405 | F13: =F12/F11-1 -> 0.11120855 | G13: =G12/G11-1 -> 0.086721442 | H13: =H12/H11-1 -> 0.1236603 | I13: =I12/I11-1 -> 0.14738259 | J13: =J12/J11-1 -> 0.15848045
B14: % Q/Q | D14: =D12/C12-1 -> 0.061702562 | E14: =E12/D12-1 -> 0.025477095 | F14: =F12/E12-1 -> -0.049641401 | H14: =H12/F12-1 -> 0.085972181 | I14: =I12/H12-1 -> 0.084116819 | J14: =J12/I12-1 -> 0.035395844
B15: Sequential change ($) | D15: =D12-C12 -> 120.9 | E15: =E12-D12 -> 53 | F15: =F12-E12 -> -105.9 | H15: =H12-F12 -> 174.3 | I15: =I12-H12 -> 185.2 | J15: =J12-I12 -> 84.48634
B16: % of total revenue (identity memo) | C16: =C12/C12 -> 1 | D16: =D12/D12 -> 1 | E16: =E12/E12 -> 1 | F16: =F12/F12 -> 1 | G16: =G12/G12 -> 1 | H16: =H12/H12 -> 1 | I16: =I12/I12 -> 1 | J16: =J12/J12 -> 1 | L16: Identity memo: X/X = 100% by construction; not a validation check (excluded from Cover C27)
B18: Daily sales rate (DSR) driver
B19: Business days — year-ago quarter | C19: 64 | D19: 64 | E19: 64 | F19: 63 | G19: 255 | H19: =C20 -> 63 | I19: =D20 -> 64 | J19: =E20 -> 64 | L19: S12; S13; S03; S04 (FY24 255)
B20: Business days (U.S.) | C20: 63 | D20: 64 | E20: 64 | F20: 63 | G20: =SUM(C20:F20) -> 254 | H20: 63 | I20: 64 | J20: =J32+J36+J41 -> 64 | L20: S01-S06 performance summary tables; 3Q26E = Jul 22 + Aug 21 + Sep 21
B21: Y/Y change (days) | C21: =C20-C19 -> -1 | D21: =D20-D19 -> 0 | E21: =E20-E19 -> 0 | F21: =F20-F19 -> 0 | G21: =G20-G19 -> -1 | H21: =H20-H19 -> 0 | I21: =I20-I19 -> 0 | J21: =J20-J19 -> 0
B22: Sequential change (days) | D22: =D20-C20 -> 1 | E22: =E20-D20 -> 0 | F22: =F20-E20 -> -1 | H22: =H20-F20 -> 0 | I22: =I20-H20 -> 1 | J22: =J20-I20 -> 0
B23: Daily sales ($M per business day) | C23: =C12/C20 -> 31.101587 | D23: =D12/D20 -> 32.504688 | E23: =E12/E20 -> 33.332813 | F23: =F12/F20 -> 32.180952 | G23: =G12/G20 -> 32.285039 | H23: =H12/H20 -> 34.947619 | I23: =I12/I20 -> 37.295313 | J23: =J12/J20 -> 38.615412 | L23: Issuer definition: net sales / U.S. business days
B24: Daily sales — year-ago quarter | C24: =C11/C19 -> 29.610937 | D24: =D11/D19 -> 29.940625 | E24: =E11/E19 -> 29.846875 | F24: =F11/F19 -> 28.960317 | G24: =G11/G19 -> 29.592157 | H24: =H11/H19 -> 31.101587 | I24: =I11/I19 -> 32.504688 | J24: =J11/J19 -> 33.332813
B25: DSR % Y/Y (calc) | C25: =C23/C24-1 -> 0.050341189 | D25: =D23/D24-1 -> 0.085638242 | E25: =E23/E24-1 -> 0.11679405 | F25: =F23/F24-1 -> 0.11120855 | G25: =G23/G24-1 -> 0.090999873 | H25: =H23/H24-1 -> 0.1236603 | I25: =I23/I24-1 -> 0.14738259 | J25: =J23/J24-1 -> 0.15848045
B26: DSR % Y/Y (as reported; 3Q26E est.) | C26: 0.05 | D26: 0.086 | E26: 0.117 | F26: 0.111 | G26: 0.091 | H26: 0.124 | I26: 0.147 | J26: =J25 -> 0.15848045 | L26: S12; S13; S03; S04; S05; S01; 3Q26E = model estimate (=J25), not reported
B27: Sequential change ($M/day) | D27: =D23-C23 -> 1.4031002 | E27: =E23-D23 -> 0.828125 | F27: =F23-E23 -> -1.1518601 | H27: =H23-F23 -> 2.7666667 | I27: =I23-H23 -> 2.3476935 | J27: =J23-I23 -> 1.3200991
B28: % Q/Q | D28: =D23/C23-1 -> 0.045113459 | E28: =E23/D23-1 -> 0.025477095 | F28: =F23/E23-1 -> -0.034556344 | H28: =H23/F23-1 -> 0.085972181 | I28: =I23/H23-1 -> 0.067177494 | J28: =J23/I23-1 -> 0.035395844
B30: 3Q monthly build (issuer monthly sales releases; September 2026 = assumption)
B31: July net sales | E31: =Inputs!C121 -> 714.972 | J31: =Inputs!C119 -> 825.846 | L31: Inputs section E
B32: July business days | E32: 22 | J32: =Inputs!C120 -> 22 | L32: S07
B33: July daily sales | E33: =E31/E32 -> 32.498727 | J33: =J31/J32 -> 37.538455
B34: July DSR % Y/Y | J34: =J33/E33-1 -> 0.1550746
B35: August net sales | E35: =Inputs!D121 -> 696.7 | J35: =Inputs!D119 -> 812.06 | L35: Inputs section E
B36: August business days | E36: 21 | J36: =Inputs!D120 -> 21 | L36: S08
B37: August daily sales | E37: =E35/E36 -> 33.17619 | J37: =J35/J36 -> 38.669524
B38: August DSR % Y/Y | J38: =J37/E37-1 -> 0.16558059
B39: August vs July daily sales % change | E39: =E37/E33-1 -> 0.020845838 | J39: =J37/J33-1 -> 0.030130949
B40: September net sales | E40: =E12-E31-E35 -> 721.628 | J40: =J43*J41 -> 833.48034 | L40: 3Q25: quarter less Jul and Aug; 3Q26E: DSR x days
B41: September business days | E41: 21 | J41: 21 | L41: S11 (Sep-26 21 days, same as Sep-25)
B42: September DSR % Y/Y — assumption | J42: 0.155 | L42: Assumption: between Baird +15.3% and issuer seasonal benchmark ~+16.8% (S14); Jul +15.5%, Aug +16.6%
B43: September daily sales | E43: =E40/E41 -> 34.363238 | J43: =E43*(1+J42) -> 39.68954
B44: Sep vs Aug daily sales % chg | E44: =E43/E37-1 -> 0.035780106 | J44: =J43/J37-1 -> 0.02637778
B45: Ref: Baird Sep ADS est. (not used) | J45: =Inputs!C165 -> 0.153 | L45: S14
B46: Ref: seasonal benchmark (not used) | J46: =Inputs!C167 -> 0.168 | L46: S14 (Baird: est. ~150bp below benchmark)
B47: Quarter net sales — sum of months | E47: =E31+E35+E40 -> 2133.3 | J47: =J31+J35+J40 -> 2471.3863
B48: % Y/Y | J48: =J47/E47-1 -> 0.15848045
B50: Growth decomposition — total company
B51: Total net sales % Y/Y | C51: =C13 -> 0.033929608 | D51: =D13 -> 0.085638242 | E51: =E13 -> 0.11679405 | F51: =F13 -> 0.11120855 | G51: =G13 -> 0.086721442 | H51: =H13 -> 0.1236603 | I51: =I13 -> 0.14738259 | J51: =J13 -> 0.15848045
B52: Selling-day impact | C52: =(1+C13)/(1+C25)-1 -> -0.015625 | D52: =(1+D13)/(1+D25)-1 -> 0 | E52: =(1+E13)/(1+E25)-1 -> 0 | F52: =(1+F13)/(1+F25)-1 -> 0 | G52: =(1+G13)/(1+G25)-1 -> -0.0039215686 | H52: =(1+H13)/(1+H25)-1 -> 0 | I52: =(1+I13)/(1+I25)-1 -> 0 | J52: =(1+J13)/(1+J25)-1 -> 0
B53: FX impact (issuer-disclosed, approx.) | C53: -0.005 | D53: 0.001 | E53: 0.001 | F53: 0.002 | H53: 0.006 | I53: 0.001 | J53: =Inputs!C123 -> -0.002 | L53: S05 (1Q25 -50bp; 1Q26 +60bp); S01 (2Q +10bp); S03; S04; FY25 not disclosed (unavailable); 3Q26E = July-only proxy (Aug-26 currency impact unavailable)
B54: M&A / scope impact | C54: 0 | D54: 0 | E54: 0 | F54: 0 | G54: 0 | H54: 0 | I54: 0 | J54: 0 | L54: Explicit zero: no acquisitions or divestitures disclosed in 10-Q/10-K cash flows or notes (S15-S19)
B55: Organic growth | C55: =(1+C13)/((1+C54)*(1+C53))-1 -> 0.039125234 | D55: =(1+D13)/((1+D54)*(1+D53))-1 -> 0.084553689 | E55: =(1+E13)/((1+E54)*(1+E53))-1 -> 0.11567837 | F55: =(1+F13)/((1+F54)*(1+F53))-1 -> 0.10899057 | H55: =(1+H13)/((1+H54)*(1+H53))-1 -> 0.11695855 | I55: =(1+I13)/((1+I54)*(1+I53))-1 -> 0.14623635 | J55: =(1+J13)/((1+J54)*(1+J53))-1 -> 0.16080205 | L55: Formula: (1+Y/Y)/((1+M&A)*(1+FX))-1; FY25 organic unavailable because FY FX impact is not disclosed; 3Q26E uses the July-only FX proxy in J53 (Aug-26 FX unavailable)
B56: Organic daily sales growth | C56: =(1+C25)/((1+C54)*(1+C53))-1 -> 0.055619285 | D56: =(1+D25)/((1+D54)*(1+D53))-1 -> 0.084553689 | E56: =(1+E25)/((1+E54)*(1+E53))-1 -> 0.11567837 | F56: =(1+F25)/((1+F54)*(1+F53))-1 -> 0.10899057 | H56: =(1+H25)/((1+H54)*(1+H53))-1 -> 0.11695855 | I56: =(1+I25)/((1+I54)*(1+I53))-1 -> 0.14623635 | J56: =(1+J25)/((1+J54)*(1+J53))-1 -> 0.16080205
B57: Pricing contribution (disclosed) | C57: 0 | D57: 0.0155 | E57: 0.0255 | F57: 0.0325 | H57: 0.035 | I57: 0.029 | J57: 0.025 | L57: S12 1Q25 "not material": 0 is an approximation, not a reported 0.0% (C58 therefore approximates); S13 140-170bp; S03 240-270bp; S04 310-340bp; S05 ~350bp; S01 ~290bp; 3Q26E assumption (call: low-to-mid single digit)
B58: Volume / mix (derived) | C58: =(1+C56)/(1+C57)-1 -> 0.055619285 | D58: =(1+D56)/(1+D57)-1 -> 0.067999693 | E58: =(1+E56)/(1+E57)-1 -> 0.087936006 | F58: =(1+F56)/(1+F57)-1 -> 0.074082876 | H58: =(1+H56)/(1+H57)-1 -> 0.079187008 | I58: =(1+I56)/(1+I57)-1 -> 0.11393232 | J58: =(1+J56)/(1+J57)-1 -> 0.13248981 | L58: Formula: (1+organic DSR)/(1+price)-1
B60: Reported segments (FY2025 10-K Note 10: one reportable segment, U.S.)
B61: U.S. (reportable segment) | C61: =Geo!C11 -> 1629.4 | D61: =Geo!D11 -> 1732.8 | E61: =Geo!E11 -> 1777.9 | F61: =Geo!F11 -> 1678.8 | G61: =Geo!G11 -> 6818.9 | H61: =Geo!H11 -> 1816.3 | I61: =Geo!I11 -> 1969.8 | J61: =Geo!J11 -> 2043.0133 | L61: Links Geo tab
B62: % Y/Y | H62: =H61/C61-1 -> 0.1147048 | I62: =I61/D61-1 -> 0.13677285 | J62: =J61/E61-1 -> 0.149116
B63: % Q/Q | D63: =D61/C61-1 -> 0.063458942 | E63: =E61/D61-1 -> 0.026027239 | F63: =F61/E61-1 -> -0.055739918 | H63: =H61/F61-1 -> 0.081903741 | I63: =I61/H61-1 -> 0.08451247 | J63: =J61/I61-1 -> 0.037167905
B64: Sequential change ($) | D64: =D61-C61 -> 103.4 | E64: =E61-D61 -> 45.1 | F64: =F61-E61 -> -99.1 | H64: =H61-F61 -> 137.5 | I64: =I61-H61 -> 153.5 | J64: =J61-I61 -> 73.21334
B65: % of total revenue | C65: =C61/C12 -> 0.8315811 | D65: =D61/D12 -> 0.83295679 | E65: =E61/E12 -> 0.83340365 | F65: =F61/F12 -> 0.82805564 | G65: =G61/G12 -> 0.83153261 | H65: =H61/H12 -> 0.82495345 | I65: =I61/I12 -> 0.82525451 | J65: =J61/J12 -> 0.82666692
B66: Change Y/Y (bps) | H66: =(H65-C65)*10000 -> -66.276512 | I66: =(I65-D65)*10000 -> -77.022709 | J66: =(J65-E65)*10000 -> -67.367244
B67: Change Q/Q (bps) | D67: =(D65-C65)*10000 -> 13.756888 | E67: =(E65-D65)*10000 -> 4.4686185 | F67: =(F65-E65)*10000 -> -53.480092 | H67: =(H65-F65)*10000 -> -31.021927 | I67: =(I65-H65)*10000 -> 3.0106916 | J67: =(J65-I65)*10000 -> 14.124083
B68: FX impact (n/a: USD sales) | C68: 0 | D68: 0 | E68: 0 | F68: 0 | G68: 0 | H68: 0 | I68: 0 | J68: 0 | L68: U.S. sales are USD; explicit zero
B69: M&A / scope impact | C69: 0 | D69: 0 | E69: 0 | F69: 0 | G69: 0 | H69: 0 | I69: 0 | J69: 0 | L69: No acquisitions disclosed
B70: Organic growth | H70: =(1+H62)/((1+H69)*(1+H68))-1 -> 0.1147048 | I70: =(1+I62)/((1+I69)*(1+I68))-1 -> 0.13677285 | J70: =(1+J62)/((1+J69)*(1+J68))-1 -> 0.149116
B71: Other operating segments | C71: =Geo!C22+Geo!C32 -> 330 | D71: =Geo!D22+Geo!D32 -> 347.5 | E71: =Geo!E22+Geo!E32 -> 355.4 | F71: =Geo!F22+Geo!F32 -> 348.7 | G71: =Geo!G22+Geo!G32 -> 1381.6 | H71: =Geo!H22+Geo!H32 -> 385.4 | I71: =Geo!I22+Geo!I32 -> 417.1 | J71: =Geo!J22+Geo!J32 -> 428.373 | L71: Canada, Mexico, C&S America, Europe, Asia, SE Asia; Links Geo tab; below 10% reportable threshold
B72: % Y/Y | H72: =H71/C71-1 -> 0.16787879 | I72: =I71/D71-1 -> 0.20028777 | J72: =J71/E71-1 -> 0.20532639
B73: % Q/Q | D73: =D71/C71-1 -> 0.053030303 | E73: =E71/D71-1 -> 0.022733813 | F73: =F71/E71-1 -> -0.018851998 | H73: =H71/F71-1 -> 0.10524806 | I73: =I71/H71-1 -> 0.082252206 | J73: =J71/I71-1 -> 0.027027092
B74: Sequential change ($) | D74: =D71-C71 -> 17.5 | E74: =E71-D71 -> 7.9 | F74: =F71-E71 -> -6.7 | H74: =H71-F71 -> 36.7 | I74: =I71-H71 -> 31.7 | J74: =J71-I71 -> 11.273
B75: % of total revenue | C75: =C71/C12 -> 0.1684189 | D75: =D71/D12 -> 0.16704321 | E75: =E71/E12 -> 0.16659635 | F75: =F71/F12 -> 0.17199369 | G75: =G71/G12 -> 0.16847959 | H75: =H71/H12 -> 0.17504655 | I75: =I71/I12 -> 0.17474549 | J75: =J71/J12 -> 0.17333308
B76: Change Y/Y (bps) | H76: =(H75-C75)*10000 -> 66.276512 | I76: =(I75-D75)*10000 -> 77.022709 | J76: =(J75-E75)*10000 -> 67.367244
B77: Change Q/Q (bps) | D77: =(D75-C75)*10000 -> -13.756888 | E77: =(E75-D75)*10000 -> -4.4686185 | F77: =(F75-E75)*10000 -> 53.973334 | H77: =(H75-F75)*10000 -> 30.528684 | I77: =(I75-H75)*10000 -> -3.0106916 | J77: =(J75-I75)*10000 -> -14.124083
B78: FX / organic: not disclosed
B79: M&A / scope impact | C79: 0 | D79: 0 | E79: 0 | F79: 0 | G79: 0 | H79: 0 | I79: 0 | J79: 0 | L79: No acquisitions disclosed
B80: Total of segments | C80: =C61+C71 -> 1959.4 | D80: =D61+D71 -> 2080.3 | E80: =E61+E71 -> 2133.3 | F80: =F61+F71 -> 2027.5 | G80: =G61+G71 -> 8200.5 | H80: =H61+H71 -> 2201.7 | I80: =I61+I71 -> 2386.9 | J80: =J61+J71 -> 2471.3863
B81: Check: segments = total revenue | C81: =ABS(C80-C12)<0.15 -> TRUE | D81: =ABS(D80-D12)<0.15 -> TRUE | E81: =ABS(E80-E12)<0.15 -> TRUE | F81: =ABS(F80-F12)<0.15 -> TRUE | G81: =ABS(G80-G12)<0.15 -> TRUE | H81: =ABS(H80-H12)<0.15 -> TRUE | I81: =ABS(I80-I12)<0.15 -> TRUE | J81: =ABS(J80-J12)<0.15 -> TRUE | L81: TRUE if |segments - net sales| < 0.15; 4Q25 geography is FY less 9M; 0.1 rounding tolerance; J81 (3Q26E) is an identity memo (U.S. residual)
B82: Geography: U.S. ~82-83% of sales; three geographies disclosed, so a separate Geo tab is kept.
B84: Sales by customer usage — direct (production) vs indirect (MRO); new disclosure from 4Q25 (1Q25/2Q25 restated as comparatives)
B85: Growth decomposition for these lines: M&A 0% (no acquisitions); FX not disclosed by line, so organic growth is unavailable; total-company organic growth is shown above.
B86: Direct fasteners/hardware — % of sales | C86: 0.207 | D86: 0.207 | F86: 0.204 | H86: 0.21 | I86: 0.21 | J86: =Inputs!E139 -> 0.209 | L86: S05 (1Q26/1Q25); S01 (2Q26/2Q25); S04 (4Q25); 3Q26E = Jul/Aug avg (Inputs E); 3Q25 not disclosed in this format
B87: Change Y/Y (bps) | H87: =(H86-C86)*10000 -> 30 | I87: =(I86-D86)*10000 -> 30
B88: Change Q/Q (bps) | D88: =(D86-C86)*10000 -> 0 | H88: =(H86-F86)*10000 -> 60 | I88: =(I86-H86)*10000 -> 0 | J88: =(J86-I86)*10000 -> -10
B89: Net sales ($) | C89: =C86*C12 -> 405.5958 | D89: =D86*D12 -> 430.6221 | F89: =F86*F12 -> 413.5896 | H89: =H86*H12 -> 462.357 | I89: =I86*I12 -> 501.249 | J89: =J86*J12 -> 516.51975
B90: DSR % Y/Y (reported; 3Q26E est.) | C90: 0.035 | D90: 0.087 | F90: 0.121 | H90: 0.138 | I90: 0.168 | J90: =Inputs!E138 -> 0.1565 | L90: 3Q26E = Jul/Aug avg of monthly reported figures (estimate proxy), not 3Q reported
B91: % Y/Y (calc) | H91: =H89/C89-1 -> 0.13994524 | I91: =I89/D89-1 -> 0.16401132
B92: Sequential change ($) | D92: =D89-C89 -> 25.0263 | H92: =H89-F89 -> 48.7674 | I92: =I89-H89 -> 38.892 | J92: =J89-I89 -> 15.270745
B93: Direct cutting tools — % of sales | C93: 0.052 | D93: 0.052 | F93: 0.053 | H93: 0.051 | I93: 0.052 | J93: =Inputs!E141 -> 0.054 | L93: S05 (1Q26/1Q25); S01 (2Q26/2Q25); S04 (4Q25); 3Q26E = Jul/Aug avg (Inputs E); 3Q25 not disclosed in this format
B94: Change Y/Y (bps) | H94: =(H93-C93)*10000 -> -10 | I94: =(I93-D93)*10000 -> 0
B95: Change Q/Q (bps) | D95: =(D93-C93)*10000 -> 0 | H95: =(H93-F93)*10000 -> -20 | I95: =(I93-H93)*10000 -> 10 | J95: =(J93-I93)*10000 -> 20
B96: Net sales ($) | C96: =C93*C12 -> 101.8888 | D96: =D93*D12 -> 108.1756 | F96: =F93*F12 -> 107.4522 | H96: =H93*H12 -> 112.2867 | I96: =I93*I12 -> 124.1188 | J96: =J93*J12 -> 133.45486
B97: DSR % Y/Y (reported; 3Q26E est.) | C97: 0.046 | D97: 0.08 | F97: 0.15 | H97: 0.113 | I97: 0.148 | J97: =Inputs!E140 -> 0.194 | L97: 3Q26E = Jul/Aug avg of monthly reported figures (estimate proxy), not 3Q reported
B98: % Y/Y (calc) | H98: =H96/C96-1 -> 0.10205145 | I98: =I96/D96-1 -> 0.14738259
B99: Sequential change ($) | D99: =D96-C96 -> 6.2868 | H99: =H96-F96 -> 4.8345 | I99: =I96-H96 -> 11.8321 | J99: =J96-I96 -> 9.3360624
B100: Direct non-fasteners — % of sales | C100: 0.128 | D100: 0.128 | F100: 0.127 | H100: 0.127 | I100: 0.13 | J100: =Inputs!E143 -> 0.1325 | L100: S05 (1Q26/1Q25); S01 (2Q26/2Q25); S04 (4Q25); 3Q26E = Jul/Aug avg (Inputs E); 3Q25 not disclosed in this format
B101: Change Y/Y (bps) | H101: =(H100-C100)*10000 -> -10 | I101: =(I100-D100)*10000 -> 20
B102: Change Q/Q (bps) | D102: =(D100-C100)*10000 -> 0 | H102: =(H100-F100)*10000 -> 0 | I102: =(I100-H100)*10000 -> 30 | J102: =(J100-I100)*10000 -> 25
B103: Net sales ($) | C103: =C100*C12 -> 250.8032 | D103: =D100*D12 -> 266.2784 | F103: =F100*F12 -> 257.4798 | H103: =H100*H12 -> 279.6159 | I103: =I100*I12 -> 310.297 | J103: =J100*J12 -> 327.45869
B104: DSR % Y/Y (reported; 3Q26E est.) | C104: 0.091 | D104: 0.119 | F104: 0.14 | H104: 0.127 | I104: 0.167 | J104: =Inputs!E142 -> 0.194 | L104: 3Q26E = Jul/Aug avg of monthly reported figures (estimate proxy), not 3Q reported
B105: % Y/Y (calc) | H105: =H103/C103-1 -> 0.11488171 | I105: =I103/D103-1 -> 0.16531044
B106: Sequential change ($) | D106: =D103-C103 -> 15.4752 | H106: =H103-F103 -> 22.1361 | I106: =I103-H103 -> 30.6811 | J106: =J103-I103 -> 17.16169
B107: Total direct materials ($) | C107: =C89+C96+C103 -> 758.2878 | D107: =D89+D96+D103 -> 805.0761 | F107: =F89+F96+F103 -> 778.5216 | H107: =H89+H96+H103 -> 854.2596 | I107: =I89+I96+I103 -> 935.6648 | J107: =J89+J96+J103 -> 977.4333 | L107: Subtotal of the three direct lines
B108: Share of net sales (calc) | C108: =C107/C12 -> 0.387 | D108: =D107/D12 -> 0.387 | F108: =F107/F12 -> 0.384 | H108: =H107/H12 -> 0.388 | I108: =I107/I12 -> 0.392 | J108: =J107/J12 -> 0.3955
...

Sheet Income Statement
B2: Fastenal Company (NasdaqGS:FAST)
B3: Income Statement
B4: $ millions, except per share
B6: Period | C6: 1Q25A | D6: 2Q25A | E6: 3Q25A | F6: 4Q25A | G6: FY25A | H6: 1Q26A | I6: 2Q26A | J6: 3Q26E | L6: Notes / sources
B7: Period end | C7: =DATE(2025,3,31) -> 45747 | D7: =DATE(2025,6,30) -> 45838 | E7: =DATE(2025,9,30) -> 45930 | F7: =DATE(2025,12,31) -> 46022 | G7: =DATE(2025,12,31) -> 46022 | H7: =DATE(2026,3,31) -> 46112 | I7: =DATE(2026,6,30) -> 46203 | J7: =DATE(2026,9,30) -> 46295
B8: Days in period | C8: =C7-DATE(2024,12,31) -> 90 | D8: =D7-C7 -> 91 | E8: =E7-D7 -> 92 | F8: =F7-E7 -> 92 | G8: =G7-DATE(2024,12,31) -> 365 | H8: =H7-F7 -> 90 | I8: =I7-H7 -> 91 | J8: =J7-I7 -> 92
B10: Income statement (as reported)
B11: Net sales | C11: ='Revenue summary'!C12 -> 1959.4 | D11: ='Revenue summary'!D12 -> 2080.3 | E11: ='Revenue summary'!E12 -> 2133.3 | F11: ='Revenue summary'!F12 -> 2027.4 | G11: ='Revenue summary'!G12 -> 8200.4 | H11: ='Revenue summary'!H12 -> 2201.7 | I11: ='Revenue summary'!I12 -> 2386.9 | J11: ='Revenue summary'!J12 -> 2471.3863 | L11: Links Revenue summary
B12: % Y/Y | C12: =C11/'Revenue summary'!C11-1 -> 0.033929608 | D12: =D11/'Revenue summary'!D11-1 -> 0.085638242 | E12: =E11/'Revenue summary'!E11-1 -> 0.11679405 | F12: =F11/'Revenue summary'!F11-1 -> 0.11120855 | G12: =G11/'Revenue summary'!G11-1 -> 0.086721442 | H12: =H11/'Revenue summary'!H11-1 -> 0.1236603 | I12: =I11/'Revenue summary'!I11-1 -> 0.14738259 | J12: =J11/'Revenue summary'!J11-1 -> 0.15848045
B13: % Q/Q | D13: =D11/C11-1 -> 0.061702562 | E13: =E11/D11-1 -> 0.025477095 | F13: =F11/E11-1 -> -0.049641401 | H13: =H11/F11-1 -> 0.085972181 | I13: =I11/H11-1 -> 0.084116819 | J13: =J11/I11-1 -> 0.035395844
B14: Cost of sales | C14: 1075.5 | D14: 1137.5 | E14: 1167.5 | F14: 1128.7 | G14: =SUM(C14:F14) -> 4509.2 | H14: 1218.8 | I14: 1323.3 | J14: =J11-J15 -> 1373.8464 | L14: S05; S01; S03; S04
B15: Gross profit | C15: =C11-C14 -> 883.9 | D15: =D11-D14 -> 942.8 | E15: =E11-E14 -> 965.8 | F15: =F11-F14 -> 898.7 | G15: =G11-G14 -> 3691.2 | H15: =H11-H14 -> 982.9 | I15: =I11-I14 -> 1063.6 | J15: =J11*J18 -> 1097.5399
B16: % Y/Y | H16: =H15/C15-1 -> 0.11200362 | I16: =I15/D15-1 -> 0.12812898 | J16: =J15/E15-1 -> 0.13640499
B17: GM seq. change assump. (bps) | J17: =Guidance!G20 -> -15 | L17: Links Guidance: management (2Q26 call, S02) normal 2Q-to-3Q decline of 10-20 bps; midpoint used
B18: Gross margin % | C18: =C15/C11 -> 0.45110748 | D18: =D15/D11 -> 0.45320386 | E18: =E15/E11 -> 0.45272582 | F18: =F15/F11 -> 0.4432771 | G18: =G15/G11 -> 0.45012438 | H18: =H15/H11 -> 0.44642776 | I18: =I15/I11 -> 0.44559889 | J18: =I18+J17/10000 -> 0.44409889
B19: Change Y/Y (bps) | H19: =(H18-C18)*10000 -> -46.797215 | I19: =(I18-D18)*10000 -> -76.049709 | J19: =(J18-E18)*10000 -> -86.269299
B20: Change Q/Q (bps) | D20: =(D18-C18)*10000 -> 20.963829 | E20: =(E18-D18)*10000 -> -4.7804099 | F20: =(F18-E18)*10000 -> -94.487202 | H20: =(H18-F18)*10000 -> 31.506567 | I20: =(I18-H18)*10000 -> -8.288664 | J20: =(J18-I18)*10000 -> -15
B21: SG&A growth Y/Y — assumption | J21: 0.11 | L21: Assumption: ~0.7x sales growth (1Q26 9.3% on 12.4%; 2Q26 10.9% on 14.7%); bonus and fuel headwinds per S02
B22: SG&A expenses | C22: 490 | D22: 506.7 | E22: 524.3 | F22: 514.4 | G22: =SUM(C22:F22) -> 2035.4 | H22: 535.3 | I22: 561.8 | J22: =E22*(1+J21) -> 581.973 | L22: S05; S01; S03; S04
B23: % Y/Y | H23: =H22/C22-1 -> 0.09244898 | I23: =I22/D22-1 -> 0.10874285 | J23: =J22/E22-1 -> 0.11
B24: SG&A % of net sales | C24: =C22/C11 -> 0.25007655 | D24: =D22/D11 -> 0.24357064 | E24: =E22/E11 -> 0.24576947 | F24: =F22/F11 -> 0.25372398 | G24: =G22/G11 -> 0.2482074 | H24: =H22/H11 -> 0.24313031 | I24: =I22/I11 -> 0.23536805 | J24: =J22/J11 -> 0.23548443
B25: Change Y/Y (bps) | H25: =(H24-C24)*10000 -> -69.462456 | I25: =(I24-D24)*10000 -> -82.025882 | J25: =(J24-E24)*10000 -> -102.85037
B26: Change Q/Q (bps) | D26: =(D24-C24)*10000 -> -65.059152 | E26: =(E24-D24)*10000 -> 21.988263 | F26: =(F24-E24)*10000 -> 79.545163 | H26: =(H24-F24)*10000 -> -105.93673 | I26: =(I24-H24)*10000 -> -77.622578 | J26: =(J24-I24)*10000 -> 1.1637794
B27: Operating income | C27: =C15-C22 -> 393.9 | D27: =D15-D22 -> 436.1 | E27: =E15-E22 -> 441.5 | F27: =F15-F22 -> 384.3 | G27: =G15-G22 -> 1655.8 | H27: =H15-H22 -> 447.6 | I27: =I15-I22 -> 501.8 | J27: =J15-J22 -> 515.56694
B28: % Y/Y | H28: =H27/C27-1 -> 0.13632902 | I28: =I27/D27-1 -> 0.15065352 | J28: =J27/E27-1 -> 0.16776204
B29: Operating margin % | C29: =C27/C11 -> 0.20103093 | D29: =D27/D11 -> 0.20963323 | E29: =E27/E11 -> 0.20695636 | F29: =F27/F11 -> 0.18955312 | G29: =G27/G11 -> 0.20191698 | H29: =H27/H11 -> 0.20329745 | I29: =I27/I11 -> 0.21023084 | J29: =J27/J11 -> 0.20861447
B30: Change Y/Y (bps) | H30: =(H29-C29)*10000 -> 22.665241 | I30: =(I29-D29)*10000 -> 5.9761738 | J30: =(J29-E29)*10000 -> 16.581067
B31: Change Q/Q (bps) | D31: =(D29-C29)*10000 -> 86.022981 | E31: =(E29-D29)*10000 -> -26.768673 | F31: =(F29-E29)*10000 -> -174.03236 | H31: =(H29-F29)*10000 -> 137.4433 | I31: =(I29-H29)*10000 -> 69.333914 | J31: =(J29-I29)*10000 -> -16.163779
B32: Incremental op. margin Y/Y | H32: =(H27-C27)/(H11-C11) -> 0.22162608 | I32: =(I27-D27)/(I11-D11) -> 0.21428571 | J32: =(J27-E27)/(J11-E11) -> 0.219077
B33: Interest income | C33: 0.9 | D33: 2.7 | E33: 0.7 | F33: 1.2 | G33: =SUM(C33:F33) -> 5.5 | H33: 1.6 | I33: 1.5 | J33: 1.4 | L33: S05; S01; S03; S04; 3Q26E assumption (lower cash balance)
B34: Interest expense | C34: -1.7 | D34: -2.2 | E34: -1.6 | F34: -0.9 | G34: =SUM(C34:F34) -> -6.4 | H34: -0.8 | I34: -1.2 | J34: -1 | L34: S05; S01; S03; S04; 3Q26E assumption ($120M debt)
B35: Net interest income (expense) | C35: =C33+C34 -> -0.8 | D35: =D33+D34 -> 0.5 | E35: =E33+E34 -> -0.9 | F35: =F33+F34 -> 0.3 | G35: =G33+G34 -> -0.9 | H35: =H33+H34 -> 0.8 | I35: =I33+I34 -> 0.3 | J35: =J33+J34 -> 0.4
B36: Income before income taxes | C36: =C27+C33+C34 -> 393.1 | D36: =D27+D33+D34 -> 436.6 | E36: =E27+E33+E34 -> 440.6 | F36: =F27+F33+F34 -> 384.6 | G36: =G27+G33+G34 -> 1654.9 | H36: =H27+H33+H34 -> 448.4 | I36: =I27+I33+I34 -> 502.1 | J36: =J27+J33+J34 -> 515.96694
B37: Pre-tax margin % | C37: =C36/C11 -> 0.20062264 | D37: =D36/D11 -> 0.20987358 | E37: =E36/E11 -> 0.20653448 | F37: =F36/F11 -> 0.18970109 | G37: =G36/G11 -> 0.20180723 | H37: =H36/H11 -> 0.20366081 | I37: =I36/I11 -> 0.21035653 | J37: =J36/J11 -> 0.20877632
B38: Change Y/Y (bps) | H38: =(H37-C37)*10000 -> 30.38168 | I38: =(I37-D37)*10000 -> 4.8295346 | J38: =(J37-E37)*10000 -> 22.418408
B39: Change Q/Q (bps) | D39: =(D37-C37)*10000 -> 92.509363 | E39: =(E37-D37)*10000 -> -33.390988 | F39: =(F37-E37)*10000 -> -168.33382 | H39: =(H37-F37)*10000 -> 139.59713 | I39: =(I37-H37)*10000 -> 66.957218 | J39: =(J37-I37)*10000 -> -15.802115
B40: Effective tax rate — assumption | J40: 0.242 | L40: Assumption: issuer ongoing rate ~24.6% (S01) less typical 3Q discrete benefits (3Q25 23.9%, 3Q24 23.1%)
B41: Income tax expense | C41: 94.4 | D41: 106.3 | E41: 105.1 | F41: 90.5 | G41: =SUM(C41:F41) -> 396.3 | H41: 108.6 | I41: 119.3 | J41: =J36*J40 -> 124.864 | L41: S05; S01; S03; S04
B42: Effective tax rate % | C42: =C41/C36 -> 0.24014246 | D42: =D41/D36 -> 0.24347229 | E42: =E41/E36 -> 0.23853836 | F42: =F41/F36 -> 0.23530941 | G42: =G41/G36 -> 0.23947066 | H42: =H41/H36 -> 0.24219447 | I42: =I41/I36 -> 0.23760207 | J42: =J41/J36 -> 0.242
B43: Change Y/Y (bps) | H43: =(H42-C42)*10000 -> 20.520118 | I43: =(I42-D42)*10000 -> -58.702145 | J43: =(J42-E42)*10000 -> 34.616432
B44: Change Q/Q (bps) | D44: =(D42-C42)*10000 -> 33.298285 | E44: =(E42-D42)*10000 -> -49.339291 | F44: =(F42-E42)*10000 -> -32.289444 | H44: =(H42-F42)*10000 -> 68.850568 | I44: =(I42-H42)*10000 -> -45.923979 | J44: =(J42-I42)*10000 -> 43.979287
B45: Net income (GAAP) | C45: =C36-C41 -> 298.7 | D45: =D36-D41 -> 330.3 | E45: =E36-E41 -> 335.5 | F45: =F36-F41 -> 294.1 | G45: =G36-G41 -> 1258.6 | H45: =H36-H41 -> 339.8 | I45: =I36-I41 -> 382.8 | J45: =J36-J41 -> 391.10294
B46: % Y/Y | H46: =H45/C45-1 -> 0.13759625 | I46: =I45/D45-1 -> 0.15894641 | J46: =J45/E45-1 -> 0.16573157
B47: Net margin % | C47: =C45/C11 -> 0.15244463 | D47: =D45/D11 -> 0.15877518 | E47: =E45/E11 -> 0.15726808 | F47: =F45/F11 -> 0.14506264 | G47: =G45/G11 -> 0.15348032 | H47: =H45/H11 -> 0.15433529 | I47: =I45/I11 -> 0.16037538 | J47: =J45/J11 -> 0.15825245
B48: Change Y/Y (bps) | H48: =(H47-C47)*10000 -> 18.906605 | I48: =(I47-D47)*10000 -> 16.002056 | J48: =(J47-E47)*10000 -> 9.8436665
B49: Change Q/Q (bps) | D49: =(D47-C47)*10000 -> 63.305508 | E49: =(E47-D47)*10000 -> -15.070943 | F49: =(F47-E47)*10000 -> -122.05441 | H49: =(H47-F47)*10000 -> 92.726446 | I49: =(I47-H47)*10000 -> 60.400959 | J49: =(J47-I47)*10000 -> -21.229333
B51: Per share
B52: Basic shares (millions) | C52: ='Share Count'!C12 -> 1146.9 | D52: ='Share Count'!D12 -> 1147.5 | E52: ='Share Count'!E12 -> 1147.9 | F52: ='Share Count'!F12 -> 1148 | G52: ='Share Count'!G12 -> 1147.6 | H52: ='Share Count'!H12 -> 1148.2 | I52: ='Share Count'!I12 -> 1147.6 | J52: ='Share Count'!J12 -> 1147.5
B53: Diluted shares (millions) | C53: ='Share Count'!C16 -> 1149.5 | D53: ='Share Count'!D16 -> 1150.1 | E53: ='Share Count'!E16 -> 1151 | F53: ='Share Count'!F16 -> 1150.6 | G53: ='Share Count'!G16 -> 1150.3 | H53: ='Share Count'!H16 -> 1150.9 | I53: ='Share Count'!I16 -> 1150.3 | J53: ='Share Count'!J16 -> 1150.2
B54: Basic EPS (GAAP) | C54: =C45/C52 -> 0.26044119 | D54: =D45/D52 -> 0.28784314 | E54: =E45/E52 -> 0.29227285 | F54: =F45/F52 -> 0.25618467 | G54: =G45/G52 -> 1.0967236 | H54: =H45/H52 -> 0.29594147 | I54: =I45/I52 -> 0.3335657 | J54: =J45/J52 -> 0.34083045
B55: Diluted EPS (GAAP) | C55: =C45/C53 -> 0.25985211 | D55: =D45/D53 -> 0.28719242 | E55: =E45/E53 -> 0.29148566 | F55: =F45/F53 -> 0.25560577 | G55: =G45/G53 -> 1.0941494 | H55: =H45/H53 -> 0.2952472 | I55: =I45/I53 -> 0.33278275 | J55: =J45/J53 -> 0.34003038
B56: % Y/Y | H56: =H55/C55-1 -> 0.13621243 | I56: =I55/D55-1 -> 0.15874491 | J56: =J55/E55-1 -> 0.16654237
B57: Diluted EPS — as reported | C57: 0.26 | D57: 0.29 | E57: 0.29 | F57: 0.26 | G57: 1.09 | H57: 0.3 | I57: 0.33 | L57: S05; S01; S03; S04
B58: Check: EPS = NI / diluted shares | C58: =ROUND(C55,2)=C57 -> TRUE | D58: =ROUND(D55,2)=D57 -> TRUE | E58: =ROUND(E55,2)=E57 -> TRUE | F58: =ROUND(F55,2)=F57 -> TRUE | G58: =ROUND(G55,2)=G57 -> TRUE | H58: =ROUND(H55,2)=H57 -> TRUE | I58: =ROUND(I55,2)=I57 -> TRUE | J58: =ABS(J55-J45/J53)<0.000001 -> TRUE | L58: C:I tie to reported EPS; J58 (3Q26E) is an arithmetic identity memo (J55 = J45/J53), not an independent check
B60: GAAP to normalized (consensus basis) bridge
B61: Net income (GAAP) | C61: =C45 -> 298.7 | D61: =D45 -> 330.3 | E61: =E45 -> 335.5 | F61: =F45 -> 294.1 | G61: =G45 -> 1258.6 | H61: =H45 -> 339.8 | I61: =I45 -> 382.8 | J61: =J45 -> 391.10294
B62: Adj: IEEPA tariff refund (none) | C62: 0 | D62: 0 | E62: 0 | F62: 0 | G62: 0 | H62: 0 | I62: 0 | J62: 0 | L62: No refund recognized/disclosed in 2Q26 10-Q (S15); explicit zero, not an omission
B63: Adj: (gain)/loss on asset sales | C63: 0 | D63: 0 | E63: 0 | F63: 0 | G63: 0 | H63: 0 | I63: 0 | J63: 0 | L63: CapIQ normalized actual = GAAP actual in all six history quarters (Inputs A)
B64: Adj: discrete tax items | C64: 0 | D64: 0 | E64: 0 | F64: 0 | G64: 0 | H64: 0 | I64: 0 | J64: 0 | L64: Issuer reports no non-GAAP measures
B65: Normalized net income (consensus basis) | C65: =C61+C62+C63+C64 -> 298.7 | D65: =D61+D62+D63+D64 -> 330.3 | E65: =E61+E62+E63+E64 -> 335.5 | F65: =F61+F62+F63+F64 -> 294.1 | G65: =G61+G62+G63+G64 -> 1258.6 | H65: =H61+H62+H63+H64 -> 339.8 | I65: =I61+I62+I63+I64 -> 382.8 | J65: =J61+J62+J63+J64 -> 391.10294 | L65: Zero bridge is the original assumption. CapIQ consensus normalized vs GAAP NI gap (~$0.99M, Inputs C70 vs C71) is not matched to any known issuer item and is not modeled (unresolved disclosure)
B66: Normalized diluted EPS | C66: =C65/C53 -> 0.25985211 | D66: =D65/D53 -> 0.28719242 | E66: =E65/E53 -> 0.29148566 | F66: =F65/F53 -> 0.25560577 | G66: =G65/G53 -> 1.0941494 | H66: =H65/H53 -> 0.2952472 | I66: =I65/I53 -> 0.33278275 | J66: =J65/J53 -> 0.34003038
B67: CapIQ normalized EPS actual (history) | C67: =Inputs!E12 -> 0.26 | D67: =Inputs!E13 -> 0.29 | E67: =Inputs!E14 -> 0.29 | F67: =Inputs!E15 -> 0.26 | H67: =Inputs!E16 -> 0.3 | I67: =Inputs!E17 -> 0.33 | L67: Inputs section A
B68: CapIQ normalized EPS consensus | C68: =Inputs!D12 -> 0.26 | D68: =Inputs!D13 -> 0.27 | E68: =Inputs!D14 -> 0.3 | F68: =Inputs!D15 -> 0.26 | H68: =Inputs!D16 -> 0.3 | I68: =Inputs!D17 -> 0.33 | J68: =Inputs!C41 -> 0.34
B69: Surprise vs consensus ($/share) | C69: =ROUND(C66,2)-C68 -> 0 | D69: =ROUND(D66,2)-D68 -> 0.02 | E69: =ROUND(E66,2)-E68 -> -0.01 | F69: =ROUND(F66,2)-F68 -> 0 | H69: =ROUND(H66,2)-H68 -> 0 | I69: =ROUND(I66,2)-I68 -> 0 | J69: =ROUND(J66,2)-J68 -> 0
B71: Memo
B72: D&A (cash flow statement) | C72: ='Cash Flow Statement'!C12+'Cash Flow Statement'!C17 -> 44.7 | D72: ='Cash Flow Statement'!D12+'Cash Flow Statement'!D17 -> 45.1 | E72: ='Cash Flow Statement'!E12+'Cash Flow Statement'!E17 -> 45 | F72: ='Cash Flow Statement'!F12+'Cash Flow Statement'!F17 -> 44.5 | G72: ='Cash Flow Statement'!G12+'Cash Flow Statement'!G17 -> 179.3 | H72: ='Cash Flow Statement'!H12+'Cash Flow Statement'!H17 -> 44.6 | I72: ='Cash Flow Statement'!I12+'Cash Flow Statement'!I17 -> 45.5 | J72: ='Cash Flow Statement'!J12+'Cash Flow Statement'!J17 -> 46.2
B73: EBITDA: not reported or defined by Fastenal (not modeled; tracked as not applicable).

Sheet Balance Sheet
B2: Fastenal Company (NasdaqGS:FAST)
B3: Balance Sheet
B4: $ millions, except per share
B6: Period | C6: 1Q25A | D6: 2Q25A | E6: 3Q25A | F6: 4Q25A | G6: FY25A | H6: 1Q26A | I6: 2Q26A | J6: 3Q26E | L6: Notes / sources
B7: Period end | C7: =DATE(2025,3,31) -> 45747 | D7: =DATE(2025,6,30) -> 45838 | E7: =DATE(2025,9,30) -> 45930 | F7: =DATE(2025,12,31) -> 46022 | G7: =DATE(2025,12,31) -> 46022 | H7: =DATE(2026,3,31) -> 46112 | I7: =DATE(2026,6,30) -> 46203 | J7: =DATE(2026,9,30) -> 46295
B8: Days in period | C8: =C7-DATE(2024,12,31) -> 90 | D8: =D7-C7 -> 91 | E8: =E7-D7 -> 92 | F8: =F7-E7 -> 92 | G8: =G7-DATE(2024,12,31) -> 365 | H8: =H7-F7 -> 90 | I8: =I7-H7 -> 91 | J8: =J7-I7 -> 92
B10: Assets
B11: Cash and cash equivalents | C11: 231.8 | D11: 237.8 | E11: 288.1 | F11: 276.8 | G11: =F11 -> 276.8 | H11: 308.6 | I11: 204.7 | J11: ='Cash Flow Statement'!J50 -> 247.6102 | L11: S12 (Mar-25); S13 (Jun-25); S03 (Sep-25); S04 (Dec-25); S05 (Mar-26); S01 (Jun-26)
B12: Trade accounts receivable, net | C12: 1278.7 | D12: 1324.2 | E12: 1347.3 | F12: 1245.3 | G12: =F12 -> 1245.3 | H12: 1445.2 | I12: 1557.4 | J12: =J48*'Income Statement'!J11 -> 1594.0442 | L12: S12 (Mar-25); S13 (Jun-25); S03 (Sep-25); S04 (Dec-25); S05 (Mar-26); S01 (Jun-26)
B13: Inventories | C13: 1673.9 | D13: 1726.3 | E13: 1722.8 | F13: 1748 | G13: =F13 -> 1748 | H13: 1692.5 | I13: 1735.2 | J13: =I13-'Cash Flow Statement'!J19 -> 1765.2 | L13: S12 (Mar-25); S13 (Jun-25); S03 (Sep-25); S04 (Dec-25); S05 (Mar-26); S01 (Jun-26)
B14: Prepaid income taxes | C14: 0 | D14: 14.5 | E14: 9.4 | F14: 20.1 | G14: =F14 -> 20.1 | H14: 12.1 | I14: 9.1 | J14: =I14 -> 9.1 | L14: S12 (Mar-25); S13 (Jun-25); S03 (Sep-25); S04 (Dec-25); S05 (Mar-26); S01 (Jun-26)
B15: Other current assets | C15: 173.6 | D15: 158.9 | E15: 178.5 | F15: 181.9 | G15: =F15 -> 181.9 | H15: 161.4 | I15: 179 | J15: =I15-'Cash Flow Statement'!J20 -> 179 | L15: S12 (Mar-25); S13 (Jun-25); S03 (Sep-25); S04 (Dec-25); S05 (Mar-26); S01 (Jun-26)
B16: Total current assets | C16: =C11+C12+C13+C14+C15 -> 3358 | D16: =D11+D12+D13+D14+D15 -> 3461.7 | E16: =E11+E12+E13+E14+E15 -> 3546.1 | F16: =F11+F12+F13+F14+F15 -> 3472.1 | G16: =G11+G12+G13+G14+G15 -> 3472.1 | H16: =H11+H12+H13+H14+H15 -> 3619.8 | I16: =I11+I12+I13+I14+I15 -> 3685.4 | J16: =J11+J12+J13+J14+J15 -> 3794.9544
B17: Property and equipment, net | C17: 1075.8 | D17: 1101 | E17: 1112.6 | F17: 1131.6 | G17: =F17 -> 1131.6 | H17: 1140.3 | I17: 1158 | J17: =I17-'Cash Flow Statement'!J34-'Cash Flow Statement'!J35-'Cash Flow Statement'!J12-'Cash Flow Statement'!J13 -> 1196.5 | L17: S12 (Mar-25); S13 (Jun-25); S03 (Sep-25); S04 (Dec-25); S05 (Mar-26); S01 (Jun-26)
B18: Operating lease right-of-use assets | C18: 289.4 | D18: 308.3 | E18: 315 | F18: 309 | G18: =F18 -> 309 | H18: 312.3 | I18: 313.4 | J18: =I18 -> 313.4 | L18: S12 (Mar-25); S13 (Jun-25); S03 (Sep-25); S04 (Dec-25); S05 (Mar-26); S01 (Jun-26)
B19: Other assets | C19: 147.7 | D19: 145.2 | E19: 142.6 | F19: 140.2 | G19: =F19 -> 140.2 | H19: 137.4 | I19: 136.7 | J19: =I19-'Cash Flow Statement'!J17-'Cash Flow Statement'!J36 -> 134 | L19: S12 (Mar-25); S13 (Jun-25); S03 (Sep-25); S04 (Dec-25); S05 (Mar-26); S01 (Jun-26)
B20: Total assets | C20: =C16+C17+C18+C19 -> 4870.9 | D20: =D16+D17+D18+D19 -> 5016.2 | E20: =E16+E17+E18+E19 -> 5116.3 | F20: =F16+F17+F18+F19 -> 5052.9 | G20: =G16+G17+G18+G19 -> 5052.9 | H20: =H16+H17+H18+H19 -> 5209.8 | I20: =I16+I17+I18+I19 -> 5293.5 | J20: =J16+J17+J18+J19 -> 5438.8544
B21: Total assets — as reported | C21: 4870.9 | D21: 5016.2 | E21: 5116.3 | F21: 5052.9 | G21: =F21 -> 5052.9 | H21: 5209.8 | I21: 5293.5 | L21: S12 (Mar-25); S13 (Jun-25); S03 (Sep-25); S04 (Dec-25); S05 (Mar-26); S01 (Jun-26)
B22: Check: total assets = reported | C22: =ABS(C20-C21)<0.15 -> TRUE | D22: =ABS(D20-D21)<0.15 -> TRUE | E22: =ABS(E20-E21)<0.15 -> TRUE | F22: =ABS(F20-F21)<0.15 -> TRUE | G22: =ABS(G20-G21)<0.15 -> TRUE | H22: =ABS(H20-H21)<0.15 -> TRUE | I22: =ABS(I20-I21)<0.15 -> TRUE
B24: Liabilities
B25: Current portion of debt | C25: 75 | D25: 130 | E25: 95 | F25: 25 | G25: =F25 -> 25 | H25: 25 | I25: 70 | J25: =I25 -> 70 | L25: S12 (Mar-25); S13 (Jun-25); S03 (Sep-25); S04 (Dec-25); S05 (Mar-26); S01 (Jun-26)
B26: Accounts payable | C26: 341.1 | D26: 319.3 | E26: 344.8 | F26: 316.8 | G26: =F26 -> 316.8 | H26: 363.2 | I26: 399.8 | J26: =I26+'Cash Flow Statement'!J21 -> 409.8 | L26: S12 (Mar-25); S13 (Jun-25); S03 (Sep-25); S04 (Dec-25); S05 (Mar-26); S01 (Jun-26)
B27: Accrued expenses | C27: 215.7 | D27: 257.1 | E27: 261.1 | F27: 264.7 | G27: =F27 -> 264.7 | H27: 242.6 | I27: 288.7 | J27: =I27+'Cash Flow Statement'!J22 -> 303.7 | L27: S12 (Mar-25); S13 (Jun-25); S03 (Sep-25); S04 (Dec-25); S05 (Mar-26); S01 (Jun-26)
B28: Current operating lease liabilities | C28: 101.4 | D28: 106.1 | E28: 106.8 | F28: 106.1 | G28: =F28 -> 106.1 | H28: 106.1 | I28: 107 | J28: =I28 -> 107 | L28: S12 (Mar-25); S13 (Jun-25); S03 (Sep-25); S04 (Dec-25); S05 (Mar-26); S01 (Jun-26)
B29: Income taxes payable | C29: 52 | D29: 7.8 | E29: 25 | F29: 3 | G29: =F29 -> 3 | H29: 87.2 | I29: 16.2 | J29: =I29+'Cash Flow Statement'!J23 -> 36.2 | L29: S12 (Mar-25); S13 (Jun-25); S03 (Sep-25); S04 (Dec-25); S05 (Mar-26); S01 (Jun-26)
B30: Total current liabilities | C30: =C25+C26+C27+C28+C29 -> 785.2 | D30: =D25+D26+D27+D28+D29 -> 820.3 | E30: =E25+E26+E27+E28+E29 -> 832.7 | F30: =F25+F26+F27+F28+F29 -> 715.6 | G30: =G25+G26+G27+G28+G29 -> 715.6 | H30: =H25+H26+H27+H28+H29 -> 824.1 | I30: =I25+I26+I27+I28+I29 -> 881.7 | J30: =J25+J26+J27+J28+J29 -> 926.7
B31: Long-term debt | C31: 125 | D31: 100 | E31: 100 | F31: 100 | G31: =F31 -> 100 | H31: 100 | I31: 50 | J31: =I31+'Cash Flow Statement'!J40+'Cash Flow Statement'!J41 -> 50 | L31: S12 (Mar-25); S13 (Jun-25); S03 (Sep-25); S04 (Dec-25); S05 (Mar-26); S01 (Jun-26)
B32: Operating lease liabilities | C32: 194.4 | D32: 209.1 | E32: 215.5 | F32: 210.8 | G32: =F32 -> 210.8 | H32: 214.4 | I32: 214.5 | J32: =I32 -> 214.5 | L32: S12 (Mar-25); S13 (Jun-25); S03 (Sep-25); S04 (Dec-25); S05 (Mar-26); S01 (Jun-26)
B33: Deferred income taxes | C33: 69.6 | D33: 70.3 | E33: 62.8 | F33: 67.4 | G33: =F33 -> 67.4 | H33: 65.5 | I33: 65.7 | J33: =I33+'Cash Flow Statement'!J15 -> 65.7 | L33: S12 (Mar-25); S13 (Jun-25); S03 (Sep-25); S04 (Dec-25); S05 (Mar-26); S01 (Jun-26)
B34: Other long-term liabilities | C34: 6.4 | D34: 9.1 | E34: 10.8 | F34: 15.5 | G34: =F34 -> 15.5 | H34: 16.4 | I34: 12.7 | J34: =I34+'Cash Flow Statement'!J24 -> 12.7 | L34: S12 (Mar-25); S13 (Jun-25); S03 (Sep-25); S04 (Dec-25); S05 (Mar-26); S01 (Jun-26)
B35: Total liabilities | C35: =C30+C31+C32+C33+C34 -> 1180.6 | D35: =D30+D31+D32+D33+D34 -> 1208.8 | E35: =E30+E31+E32+E33+E34 -> 1221.8 | F35: =F30+F31+F32+F33+F34 -> 1109.3 | G35: =G30+G31+G32+G33+G34 -> 1109.3 | H35: =H30+H31+H32+H33+H34 -> 1220.4 | I35: =I30+I31+I32+I33+I34 -> 1224.6 | J35: =J30+J31+J32+J33+J34 -> 1269.6
B37: Stockholders' equity
B38: Common stock | C38: 5.7 | D38: 11.5 | E38: 11.5 | F38: 11.5 | G38: =F38 -> 11.5 | H38: 11.5 | I38: 11.5 | J38: =I38 -> 11.5 | L38: S12 (Mar-25); S13 (Jun-25); S03 (Sep-25); S04 (Dec-25); S05 (Mar-26); S01 (Jun-26)
B39: Additional paid-in capital | C39: 101.8 | D39: 104.2 | E39: 112.9 | F39: 115.5 | G39: =F39 -> 115.5 | H39: 105.3 | I39: 80.7 | J39: =I39+'Cash Flow Statement'!J16+'Cash Flow Statement'!J42+'Cash Flow Statement'!J43 -> 88.3 | L39: S12 (Mar-25); S13 (Jun-25); S03 (Sep-25); S04 (Dec-25); S05 (Mar-26); S01 (Jun-26)
B40: Retained earnings | C40: 3665.5 | D40: 3743.3 | E40: 3826.3 | F40: 3867.7 | G40: =F40 -> 3867.7 | H40: 3931.9 | I40: 4039.4 | J40: =I40+'Cash Flow Statement'!J11+'Cash Flow Statement'!J44 -> 4132.1544 | L40: S12 (Mar-25); S13 (Jun-25); S03 (Sep-25); S04 (Dec-25); S05 (Mar-26); S01 (Jun-26)
B41: Accumulated other comprehensive loss | C41: -82.7 | D41: -51.6 | E41: -56.2 | F41: -51.1 | G41: =F41 -> -51.1 | H41: -59.2 | I41: -62.7 | J41: =I41+'Cash Flow Statement'!J47 -> -62.7 | L41: S12 (Mar-25); S13 (Jun-25); S03 (Sep-25); S04 (Dec-25); S05 (Mar-26); S01 (Jun-26); 3Q26E proxy: rolled by CF FX on cash (0), not GAAP translation of all net assets
B42: Total stockholders' equity | C42: =C38+C39+C40+C41 -> 3690.3 | D42: =D38+D39+D40+D41 -> 3807.4 | E42: =E38+E39+E40+E41 -> 3894.5 | F42: =F38+F39+F40+F41 -> 3943.6 | G42: =G38+G39+G40+G41 -> 3943.6 | H42: =H38+H39+H40+H41 -> 3989.5 | I42: =I38+I39+I40+I41 -> 4068.9 | J42: =J38+J39+J40+J41 -> 4169.2544
B43: Total liabilities & equity | C43: =C35+C42 -> 4870.9 | D43: =D35+D42 -> 5016.2 | E43: =E35+E42 -> 5116.3 | F43: =F35+F42 -> 5052.9 | G43: =G35+G42 -> 5052.9 | H43: =H35+H42 -> 5209.9 | I43: =I35+I42 -> 5293.5 | J43: =J35+J42 -> 5438.8544
B44: Check: assets - liabilities - equity | C44: =C20-C35-C42 -> 0 | D44: =D20-D35-D42 -> 0 | E44: =E20-E35-E42 -> 0 | F44: =F20-F35-F42 -> 0 | G44: =G20-G35-G42 -> 0 | H44: =H20-H35-H42 -> -0.1 | I44: =I20-I35-I42 -> 0 | J44: =J20-J35-J42 -> 0 | L44: Actuals within 0.1 rounding of reported statements
B45: Check: balance sheet balances | C45: =ABS(C44)<0.15 -> TRUE | D45: =ABS(D44)<0.15 -> TRUE | E45: =ABS(E44)<0.15 -> TRUE | F45: =ABS(F44)<0.15 -> TRUE | G45: =ABS(G44)<0.15 -> TRUE | H45: =ABS(H44)<0.15 -> TRUE | I45: =ABS(I44)<0.15 -> TRUE | J45: =ABS(J44)<0.15 -> TRUE | L45: TRUE if |A - L - E| < 0.15 (reported rounding)
B47: Working capital and leverage drivers
B48: Receivables as % of quarterly net sales | C48: =C12/'Income Statement'!C11 -> 0.65259773 | D48: =D12/'Income Statement'!D11 -> 0.63654281 | E48: =E12/'Income Statement'!E11 -> 0.63155674 | F48: =F12/'Income Statement'!F11 -> 0.61423498 | H48: =H12/'Income Statement'!H11 -> 0.65640187 | I48: =I12/'Income Statement'!I11 -> 0.65247811 | J48: 0.645 | L48: 3Q26E assumption: between 3Q25 63.2% and 2Q26 65.2% (larger customers carry longer terms, S01)
B49: Change Y/Y (bps) | H49: =(H48-C48)*10000 -> 38.041373 | I49: =(I48-D48)*10000 -> 159.35303 | J49: =(J48-E48)*10000 -> 134.43257
B50: Change Q/Q (bps) | D50: =(D48-C48)*10000 -> -160.54928 | E50: =(E48-D48)*10000 -> -49.860633 | F50: =(F48-E48)*10000 -> -173.21762 | H50: =(H48-F48)*10000 -> 421.66891 | I50: =(I48-H48)*10000 -> -39.237616 | J50: =(J48-I48)*10000 -> -74.781097
B51: Inventory turns (annualized) | C51: ='Income Statement'!C14*4/C13 -> 2.570046 | D51: ='Income Statement'!D14*4/D13 -> 2.6356948 | E51: ='Income Statement'!E14*4/E13 -> 2.7107035 | F51: ='Income Statement'!F14*4/F13 -> 2.5828375 | H51: ='Income Statement'!H14*4/H13 -> 2.8804727 | I51: ='Income Statement'!I14*4/I13 -> 3.0504841 | J51: ='Income Statement'!J14*4/J13 -> 3.1131801 | L51: Annualization proxy: quarterly COGS x4 / ending inventory (not weighted for 90-92 days in period)
B52: Y/Y change (turns) | H52: =H51-C51 -> 0.31042667 | I52: =I51-D51 -> 0.41478926 | J52: =J51-E51 -> 0.40247664
B53: Sequential change (turns) | D53: =D51-C51 -> 0.065648838 | E53: =E51-D51 -> 0.075008667 | F53: =F51-E51 -> -0.12786598 | H53: =H51-F51 -> 0.29763514 | I53: =I51-H51 -> 0.17001142 | J53: =J51-I51 -> 0.062696055
B54: Trade working capital, net | C54: =C12+C13-C26 -> 2611.5 | D54: =D12+D13-D26 -> 2731.2 | E54: =E12+E13-E26 -> 2725.3 | F54: =F12+F13-F26 -> 2676.5 | G54: =G12+G13-G26 -> 2676.5 | H54: =H12+H13-H26 -> 2774.5 | I54: =I12+I13-I26 -> 2892.8 | J54: =J12+J13-J26 -> 2949.4442
B55: % Y/Y | H55: =H54/C54-1 -> 0.062416236 | I55: =I54/D54-1 -> 0.059168131 | J55: =J54/E54-1 -> 0.082245694
B56: Total debt | C56: =C25+C31 -> 200 | D56: =D25+D31 -> 230 | E56: =E25+E31 -> 195 | F56: =F25+F31 -> 125 | G56: =G25+G31 -> 125 | H56: =H25+H31 -> 125 | I56: =I25+I31 -> 120 | J56: =J25+J31 -> 120
B57: Net debt (cash) | C57: =C56-C11 -> -31.8 | D57: =D56-D11 -> -7.8 | E57: =E56-E11 -> -93.1 | F57: =F56-F11 -> -151.8 | G57: =G56-G11 -> -151.8 | H57: =H56-H11 -> -183.6 | I57: =I56-I11 -> -84.7 | J57: =J56-J11 -> -127.6102
B58: Debt / total capital | C58: =C56/(C56+C42) -> 0.051409917 | D58: =D56/(D56+D42) -> 0.056967355 | E58: =E56/(E56+E42) -> 0.047683091 | F58: =F56/(F56+F42) -> 0.030723099 | G58: =G56/(G56+G42) -> 0.030723099 | H58: =H56/(H56+H42) -> 0.030380362 | I58: =I56/(I56+I42) -> 0.028647139 | J58: =J56/(J56+J42) -> 0.02797689
B59: Change Y/Y (bps) | H59: =(H58-C58)*10000 -> -210.29555 | I59: =(I58-D58)*10000 -> -283.20216 | J59: =(J58-E58)*10000 -> -197.062
B60: Change Q/Q (bps) | D60: =(D58-C58)*10000 -> 55.574383 | E60: =(E58-D58)*10000 -> -92.842644 | F60: =(F58-E58)*10000 -> -169.59992 | H60: =(H58-F58)*10000 -> -3.4273672 | I60: =(I58-H58)*10000 -> -17.332233 | J60: =(J58-I58)*10000 -> -6.7024848

Sheet Cash Flow Statement
B2: Fastenal Company (NasdaqGS:FAST)
B3: Cash Flow Statement
B4: $ millions, except per share
B6: Period | C6: 1Q25A | D6: 2Q25A | E6: 3Q25A | F6: 4Q25A | G6: FY25A | H6: 1Q26A | I6: 2Q26A | J6: 3Q26E | L6: Notes / sources
B7: Period end | C7: =DATE(2025,3,31) -> 45747 | D7: =DATE(2025,6,30) -> 45838 | E7: =DATE(2025,9,30) -> 45930 | F7: =DATE(2025,12,31) -> 46022 | G7: =DATE(2025,12,31) -> 46022 | H7: =DATE(2026,3,31) -> 46112 | I7: =DATE(2026,6,30) -> 46203 | J7: =DATE(2026,9,30) -> 46295
B8: Days in period | C8: =C7-DATE(2024,12,31) -> 90 | D8: =D7-C7 -> 91 | E8: =E7-D7 -> 92 | F8: =F7-E7 -> 92 | G8: =G7-DATE(2024,12,31) -> 365 | H8: =H7-F7 -> 90 | I8: =I7-H7 -> 91 | J8: =J7-I7 -> 92
B10: Operating activities
B11: Net income | C11: ='Income Statement'!C45 -> 298.7 | D11: ='Income Statement'!D45 -> 330.3 | E11: ='Income Statement'!E45 -> 335.5 | F11: ='Income Statement'!F45 -> 294.1 | G11: ='Income Statement'!G45 -> 1258.6 | H11: ='Income Statement'!H45 -> 339.8 | I11: ='Income Statement'!I45 -> 382.8 | J11: ='Income Statement'!J45 -> 391.10294 | L11: Links Income Statement
B12: Depreciation | C12: 42 | D12: 42.4 | E12: 42.3 | F12: 41.8 | G12: =SUM(C12:F12) -> 168.5 | H12: 41.9 | I12: 42.8 | J12: 43.5 | L12: S05 (1Q26 and 1Q25 comparative); S01 (2Q26 and 2Q25 comparative); S03; S04; 3Q26E assumption: depreciation rising with 2026 capex (2Q26 42.8)
B13: (Gain) loss on sale of PP&E | C13: -0.3 | D13: -1.3 | E13: -1 | F13: -0.5 | G13: =SUM(C13:F13) -> -3.1 | H13: 1 | I13: -0.8 | J13: 0 | L13: S05 (1Q26 and 1Q25 comparative); S01 (2Q26 and 2Q25 comparative); S03; S04; 3Q26E assumption: 0 (no gain/loss forecast)
B14: Bad debt expense | C14: 1.8 | D14: 0.2 | E14: 1.6 | F14: 1.1 | G14: =SUM(C14:F14) -> 4.7 | H14: 1.4 | I14: 1.9 | J14: 0 | L14: S05 (1Q26 and 1Q25 comparative); S01 (2Q26 and 2Q25 comparative); S03; S04; 3Q26E assumption: 0 (nets against J18, OCF unaffected)
B15: Deferred income taxes | C15: 0.7 | D15: 0.7 | E15: -7.4 | F15: 4.5 | G15: =SUM(C15:F15) -> -1.5 | H15: -1.8 | I15: 0.2 | J15: 0 | L15: S05 (1Q26 and 1Q25 comparative); S01 (2Q26 and 2Q25 comparative); S03; S04; 3Q26E assumption: 0 (no deferred tax movement forecast)
B16: Stock-based compensation | C16: 2 | D16: 2 | E16: 2.1 | F16: 2.1 | G16: =SUM(C16:F16) -> 8.2 | H16: 2.6 | I16: 2.6 | J16: 2.6 | L16: S05 (1Q26 and 1Q25 comparative); S01 (2Q26 and 2Q25 comparative); S03; S04
B17: Amortization of intangible assets | C17: 2.7 | D17: 2.7 | E17: 2.7 | F17: 2.7 | G17: =SUM(C17:F17) -> 10.8 | H17: 2.7 | I17: 2.7 | J17: 2.7 | L17: S05 (1Q26 and 1Q25 comparative); S01 (2Q26 and 2Q25 comparative); S03; S04
B18: Change in receivables | C18: -170 | D18: -36.4 | E18: -26.8 | F18: 103 | G18: =SUM(C18:F18) -> -130.2 | H18: -204.2 | I18: -116 | J18: =-('Balance Sheet'!J12-'Balance Sheet'!I12)-J14 -> -36.644189 | L18: S05 (1Q26 and 1Q25 comparative); S01 (2Q26 and 2Q25 comparative); S03; S04; From Balance Sheet receivables assumption
B19: Change in inventories | C19: -26.5 | D19: -41.2 | E19: 1.4 | F19: -23 | G19: =SUM(C19:F19) -> -89.3 | H19: 52.5 | I19: -44.8 | J19: -30 | L19: S05 (1Q26 and 1Q25 comparative); S01 (2Q26 and 2Q25 comparative); S03; S04; 3Q26E assumption: modest inventory build for growth
B20: Change in other current assets | C20: 10.2 | D20: 15.5 | E20: -19.8 | F20: -3.3 | G20: =SUM(C20:F20) -> 2.6 | H20: 20.3 | I20: -17.9 | J20: 0 | L20: S05 (1Q26 and 1Q25 comparative); S01 (2Q26 and 2Q25 comparative); S03; S04; 3Q26E assumption: 0 (other current assets held flat)
B21: Change in accounts payable | C21: 45.3 | D21: -20.6 | E21: 25.6 | F21: -24.3 | G21: =SUM(C21:F21) -> 26 | H21: 46.6 | I21: 37.4 | J21: 10 | L21: S05 (1Q26 and 1Q25 comparative); S01 (2Q26 and 2Q25 comparative); S03; S04; 3Q26E assumption
B22: Change in accrued expenses | C22: -8.8 | D22: 38.9 | E22: 5.4 | F22: -2.1 | G22: =SUM(C22:F22) -> 33.4 | H22: -17.1 | I22: 45.7 | J22: 15 | L22: S05 (1Q26 and 1Q25 comparative); S01 (2Q26 and 2Q25 comparative); S03; S04; 3Q26E assumption (bonus accruals)
B23: Change in income taxes | C23: 70.9 | D23: -58.4 | E23: 22.3 | F23: -32.7 | G23: =SUM(C23:F23) -> 2.1 | H23: 92.2 | I23: -68 | J23: 20 | L23: S05 (1Q26 and 1Q25 comparative); S01 (2Q26 and 2Q25 comparative); S03; S04; 3Q26E assumption (3Q25 +22.3)
B24: Other operating items | C24: -6.5 | D24: 3.8 | E24: 3 | F24: 4.7 | G24: =SUM(C24:F24) -> 5 | H24: 0.5 | I24: -3 | J24: 0 | L24: S05 (1Q26 and 1Q25 comparative); S01 (2Q26 and 2Q25 comparative); S03; S04; 3Q26E assumption: 0 (other items not forecast)
B25: Net cash from operations | C25: =SUM(C11:C24) -> 262.2 | D25: =SUM(D11:D24) -> 278.6 | E25: =SUM(E11:E24) -> 386.9 | F25: =SUM(F11:F24) -> 368.1 | G25: =SUM(G11:G24) -> 1295.8 | H25: =SUM(H11:H24) -> 378.4 | I25: =SUM(I11:I24) -> 265.6 | J25: =SUM(J11:J24) -> 418.25875
B26: Operating cash flow — reported | C26: 262.2 | D26: 278.6 | E26: 386.9 | F26: 368.1 | G26: 1295.9 | H26: 378.4 | I26: 265.7 | L26: S05 (1Q26 and 1Q25 comparative); S01 (2Q26 and 2Q25 comparative); S03; S04; FY25 S04; 2Q26 = 6M less 1Q: computed I25 265.6 vs reported 265.7, FY25 G25 1295.8 vs 1295.9 (0.1 source rounding, within row 27 tolerance)
B27: Check: OCF = reported | C27: =ABS(C25-C26)<0.25 -> TRUE | D27: =ABS(D25-D26)<0.25 -> TRUE | E27: =ABS(E25-E26)<0.25 -> TRUE | F27: =ABS(F25-F26)<0.25 -> TRUE | G27: =ABS(G25-G26)<0.25 -> TRUE | H27: =ABS(H25-H26)<0.25 -> TRUE | I27: =ABS(I25-I26)<0.25 -> TRUE
B28: OCF as % of net income | C28: =C25/C11 -> 0.87780382 | D28: =D25/D11 -> 0.84347563 | E28: =E25/E11 -> 1.1532042 | F28: =F25/F11 -> 1.2516151 | G28: =G25/G11 -> 1.0295567 | H28: =H25/H11 -> 1.1135962 | I28: =I25/I11 -> 0.6938349 | J28: =J25/J11 -> 1.0694339
B29: Change Y/Y (bps) | H29: =(H28-C28)*10000 -> 2357.9242 | I29: =(I28-D28)*10000 -> -1496.4073 | J29: =(J28-E28)*10000 -> -837.70252
B30: Change Q/Q (bps) | D30: =(D28-C28)*10000 -> -343.28188 | E30: =(E28-D28)*10000 -> 3097.2854 | F30: =(F28-E28)*10000 -> 984.10924 | H30: =(H28-F28)*10000 -> -1380.1886 | I30: =(I28-H28)*10000 -> -4197.6133 | J30: =(J28-I28)*10000 -> 3755.9902
B31: % Y/Y | H31: =H25/C25-1 -> 0.44317315 | I31: =I25/D25-1 -> -0.046661881 | J31: =J25/E25-1 -> 0.081051309
B33: Investing activities
B34: Purchases of property and equipment | C34: -55.7 | D34: -69.3 | E34: -60.3 | F34: -60 | G34: =SUM(C34:F34) -> -245.3 | H34: -58.9 | I34: -64.1 | J34: -85 | L34: S05 (1Q26 and 1Q25 comparative); S01 (2Q26 and 2Q25 comparative); S03; S04; 3Q26E assumption: 2026 net capex guide $310-330M vs 1H $118.2M (S01); issuer historically lands at/below range; 1Q26+2Q26 net capex in row 57 sums to $118.1M (0.1 source rounding vs S01 YTD)
B35: Proceeds from sale of PP&E | C35: 1.9 | D35: 5 | E35: 5.6 | F35: 2.2 | G35: =SUM(C35:F35) -> 14.7 | H35: 1.3 | I35: 3.6 | J35: 3 | L35: S05 (1Q26 and 1Q25 comparative); S01 (2Q26 and 2Q25 comparative); S03; S04
B36: Other investing | C36: 0 | D36: -0.1 | E36: -0.1 | F36: -0.1 | G36: =SUM(C36:F36) -> -0.3 | H36: 0 | I36: -2 | J36: 0 | L36: S05 (1Q26 and 1Q25 comparative); S01 (2Q26 and 2Q25 comparative); S03; S04
B37: Net cash from investing | C37: =C34+C35+C36 -> -53.8 | D37: =D34+D35+D36 -> -64.4 | E37: =E34+E35+E36 -> -54.8 | F37: =F34+F35+F36 -> -57.9 | G37: =G34+G35+G36 -> -230.9 | H37: =H34+H35+H36 -> -57.6 | I37: =I34+I35+I36 -> -62.5 | J37: =J34+J35+J36 -> -82
B39: Financing activities
B40: Proceeds from debt obligations | C40: 155 | D40: 520 | E40: 365 | F40: 65 | G40: =SUM(C40:F40) -> 1105 | H40: 47 | I40: 360 | J40: 0 | L40: S05 (1Q26 and 1Q25 comparative); S01 (2Q26 and 2Q25 comparative); S03; S04
B41: Payments against debt obligations | C41: -155 | D41: -490 | E41: -400 | F41: -135 | G41: =SUM(C41:F41) -> -1180 | H41: -47 | I41: -365 | J41: 0 | L41: S05 (1Q26 and 1Q25 comparative); S01 (2Q26 and 2Q25 comparative); S03; S04
B42: Stock option exercise proceeds | C42: 11.2 | D42: 6.1 | E42: 6.6 | F42: 0.4 | G42: =SUM(C42:F42) -> 24.3 | H42: 7.6 | I42: 2.8 | J42: 5 | L42: S05 (1Q26 and 1Q25 comparative); S01 (2Q26 and 2Q25 comparative); S03; S04; 3Q26E assumption
B43: Purchases of common stock | C43: 0 | D43: 0 | E43: 0 | F43: 0 | G43: =SUM(C43:F43) -> 0 | H43: -20.3 | I43: -30 | J43: =-'Share Count'!J24*'Share Count'!J38 -> 0 | L43: S05 (1Q26 and 1Q25 comparative); S01 (2Q26 and 2Q25 comparative); S03; S04; No 3Q26 buyback assumed (Share Count)
B44: Cash dividends paid | C44: -246.7 | D44: -252.5 | E44: -252.5 | F44: -252.6 | G44: =SUM(C44:F44) -> -1004.3 | H44: -275.6 | I44: -275.4 | J44: =-'Share Count'!J29*'Share Count'!I21 -> -298.34855 | L44: S05 (1Q26 and 1Q25 comparative); S01 (2Q26 and 2Q25 comparative); S03; S04; $0.26/sh declared Jul 10, 2026 x shares outstanding
B45: Net cash from financing | C45: =C40+C41+C42+C43+C44 -> -235.5 | D45: =D40+D41+D42+D43+D44 -> -216.4 | E45: =E40+E41+E42+E43+E44 -> -280.9 | F45: =F40+F41+F42+F43+F44 -> -322.2 | G45: =G40+G41+G42+G43+G44 -> -1055 | H45: =H40+H41+H42+H43+H44 -> -288.3 | I45: =I40+I41+I42+I43+I44 -> -307.6 | J45: =J40+J41+J42+J43+J44 -> -293.34855
B47: FX effect on cash | C47: 3.1 | D47: 8.2 | E47: -0.9 | F47: 0.7 | G47: =SUM(C47:F47) -> 11.1 | H47: -0.6 | I47: 0.5 | J47: 0 | L47: S05 (1Q26 and 1Q25 comparative); S01 (2Q26 and 2Q25 comparative); S03; S04; 3Q26E assumption: 0; FX on cash is not the GAAP AOCI movement (used only as AOCI proxy in BS J41)
B48: Net change in cash | C48: =C25+C37+C45+C47 -> -24 | D48: =D25+D37+D45+D47 -> 6 | E48: =E25+E37+E45+E47 -> 50.3 | F48: =F25+F37+F45+F47 -> -11.3 | G48: =G25+G37+G45+G47 -> 21 | H48: =H25+H37+H45+H47 -> 31.9 | I48: =I25+I37+I45+I47 -> -104 | J48: =J25+J37+J45+J47 -> 42.910203
B49: Cash at beginning of period | C49: 255.8 | D49: =C50 -> 231.8 | E49: =D50 -> 237.8 | F49: =E50 -> 288.1 | G49: =C49 -> 255.8 | H49: =F50 -> 276.8 | I49: =H50 -> 308.7 | J49: =I50 -> 204.7 | L49: Dec-24 cash 255.8 (S12)
B50: Cash at end of period | C50: =C49+C48 -> 231.8 | D50: =D49+D48 -> 237.8 | E50: =E49+E48 -> 288.1 | F50: =F49+F48 -> 276.8 | G50: =G49+G48 -> 276.8 | H50: =H49+H48 -> 308.7 | I50: =I49+I48 -> 204.7 | J50: =J49+J48 -> 247.6102
B51: Cash per Balance Sheet | C51: ='Balance Sheet'!C11 -> 231.8 | D51: ='Balance Sheet'!D11 -> 237.8 | E51: ='Balance Sheet'!E11 -> 288.1 | F51: ='Balance Sheet'!F11 -> 276.8 | G51: ='Balance Sheet'!G11 -> 276.8 | H51: ='Balance Sheet'!H11 -> 308.6 | I51: ='Balance Sheet'!I11 -> 204.7 | J51: ='Balance Sheet'!J11 -> 247.6102
B52: Change in cash per Balance Sheet | C52: ='Balance Sheet'!C11-C49 -> -24 | D52: ='Balance Sheet'!D11-'Balance Sheet'!C11 -> 6 | E52: ='Balance Sheet'!E11-'Balance Sheet'!D11 -> 50.3 | F52: ='Balance Sheet'!F11-'Balance Sheet'!E11 -> -11.3 | G52: ='Balance Sheet'!G11-G49 -> 21 | H52: ='Balance Sheet'!H11-'Balance Sheet'!F11 -> 31.8 | I52: ='Balance Sheet'!I11-'Balance Sheet'!H11 -> -103.9 | J52: ='Balance Sheet'!J11-'Balance Sheet'!I11 -> 42.910203
B53: Check: CF less BS cash change | C53: =C48-C52 -> 0 | D53: =D48-D52 -> 0 | E53: =E48-E52 -> 0 | F53: =F48-F52 -> 0 | G53: =G48-G52 -> 0 | H53: =H48-H52 -> 0.1 | I53: =I48-I52 -> -0.1 | J53: =J48-J52 -> 0
B54: Check: cash ties to Balance Sheet | C54: =ABS(C53)<0.25 -> TRUE | D54: =ABS(D53)<0.25 -> TRUE | E54: =ABS(E53)<0.25 -> TRUE | F54: =ABS(F53)<0.25 -> TRUE | G54: =ABS(G53)<0.25 -> TRUE | H54: =ABS(H53)<0.25 -> TRUE | I54: =ABS(I53)<0.25 -> TRUE | J54: =ABS(J53)<0.25 -> TRUE | L54: TRUE if |diff| < 0.25 (reported rounding); Reported statements tie within 0.1-0.2 rounding; J54 (3Q26E) is an identity memo (BS cash links CF J50)
B56: Free cash flow (memo)
B57: Net capital expenditures | C57: =C34+C35 -> -53.8 | D57: =D34+D35 -> -64.3 | E57: =E34+E35 -> -54.7 | F57: =F34+F35 -> -57.8 | G57: =G34+G35 -> -230.6 | H57: =H34+H35 -> -57.6 | I57: =I34+I35 -> -60.5 | J57: =J34+J35 -> -82
B58: % of net sales | C58: =-C57/'Income Statement'!C11 -> 0.027457385 | D58: =-D57/'Income Statement'!D11 -> 0.030909004 | E58: =-E57/'Income Statement'!E11 -> 0.025641026 | F58: =-F57/'Income Statement'!F11 -> 0.028509421 | G58: =-G57/'Income Statement'!G11 -> 0.028120579 | H58: =-H57/'Income Statement'!H11 -> 0.026161602 | I58: =-I57/'Income Statement'!I11 -> 0.025346684 | J58: =-J57/'Income Statement'!J11 -> 0.033179758
B59: Change Y/Y (bps) | H59: =(H58-C58)*10000 -> -12.957825 | I59: =(I58-D58)*10000 -> -55.623195 | J59: =(J58-E58)*10000 -> 75.387321
B60: Change Q/Q (bps) | D60: =(D58-C58)*10000 -> 34.516186 | E60: =(E58-D58)*10000 -> -52.679779 | F60: =(F58-E58)*10000 -> 28.683953 | H60: =(H58-F58)*10000 -> -23.478185 | I60: =(I58-H58)*10000 -> -8.1491841 | J60: =(J58-I58)*10000 -> 78.330737
B61: OCF less net capex (memo) | C61: =C25+C57 -> 208.4 | D61: =D25+D57 -> 214.3 | E61: =E25+E57 -> 332.2 | F61: =F25+F57 -> 310.3 | G61: =G25+G57 -> 1065.2 | H61: =H25+H57 -> 320.8 | I61: =I25+I57 -> 205.1 | J61: =J25+J57 -> 336.25875 | L61: Analyst-defined; Fastenal reports no FCF measure
B62: As % of net income | C62: =C61/C11 -> 0.69768999 | D62: =D61/D11 -> 0.64880412 | E62: =E61/E11 -> 0.99016393 | F62: =F61/F11 -> 1.0550833 | G62: =G61/G11 -> 0.8463372 | H62: =H61/H11 -> 0.94408476 | I62: =I61/I11 -> 0.53578892 | J62: =J61/J11 -> 0.85977045
B63: Change Y/Y (bps) | H63: =(H62-C62)*10000 -> 2463.9477 | I63: =(I62-D62)*10000 -> -1130.1519 | J63: =(J62-E62)*10000 -> -1303.9348
B64: Change Q/Q (bps) | D64: =(D62-C62)*10000 -> -488.85872 | E64: =(E62-D62)*10000 -> 3413.5982 | F64: =(F62-E62)*10000 -> 649.19371 | H64: =(H62-F62)*10000 -> -1109.9855 | I64: =(I62-H62)*10000 -> -4082.9583 | J64: =(J62-I62)*10000 -> 3239.8153

Sheet Geo
B2: Fastenal Company (NasdaqGS:FAST)
B3: Revenue by geography
B4: $ millions, except per share
B6: Period | C6: 1Q25A | D6: 2Q25A | E6: 3Q25A | F6: 4Q25A | G6: FY25A | H6: 1Q26A | I6: 2Q26A | J6: 3Q26E | L6: Notes / sources
B7: Period end | C7: =DATE(2025,3,31) -> 45747 | D7: =DATE(2025,6,30) -> 45838 | E7: =DATE(2025,9,30) -> 45930 | F7: =DATE(2025,12,31) -> 46022 | G7: =DATE(2025,12,31) -> 46022 | H7: =DATE(2026,3,31) -> 46112 | I7: =DATE(2026,6,30) -> 46203 | J7: =DATE(2026,9,30) -> 46295
B8: Days in period | C8: =C7-DATE(2024,12,31) -> 90 | D8: =D7-C7 -> 91 | E8: =E7-D7 -> 92 | F8: =F7-E7 -> 92 | G8: =G7-DATE(2024,12,31) -> 365 | H8: =H7-F7 -> 90 | I8: =I7-H7 -> 91 | J8: =J7-I7 -> 92
B10: Net sales by selling-location geography (10-Q / 10-K Note 2)
B11: United States | C11: 1629.4 | D11: 1732.8 | E11: 1777.9 | F11: =G11-C11-D11-E11 -> 1678.8 | G11: 6818.9 | H11: 1816.3 | I11: 1969.8 | J11: =J42-J22-J32 -> 2043.0133 | L11: S16; S15; S17; S19; 4Q25 = FY less 9M; 3Q26E = total less non-U.S. (residual): absorbs the September total-sales assumption (implied +14.9% vs Jul/Aug U.S. DSR avg +15.15%); illustrative allocation
B12: % of total revenue | C12: =C11/C42 -> 0.8315811 | D12: =D11/D42 -> 0.83295679 | E12: =E11/E42 -> 0.83340365 | F12: =F11/F42 -> 0.8280148 | G12: =G11/G42 -> 0.83152247 | H12: =H11/H42 -> 0.82495345 | I12: =I11/I42 -> 0.82525451 | J12: =J11/J42 -> 0.82666692 | L12: Denominator convention: sum of geographies (row 42), not reported net sales (row 43); differs from Revenue summary row 65 by <1 bp (source rounding). Retained; no source values changed.
B13: Change Y/Y (bps) | H13: =(H12-C12)*10000 -> -66.276512 | I13: =(I12-D12)*10000 -> -77.022709 | J13: =(J12-E12)*10000 -> -67.367244
B14: Change Q/Q (bps) | D14: =(D12-C12)*10000 -> 13.756888 | E14: =(E12-D12)*10000 -> 4.4686185 | F14: =(F12-E12)*10000 -> -53.888504 | H14: =(H12-F12)*10000 -> -30.613515 | I14: =(I12-H12)*10000 -> 3.0106916 | J14: =(J12-I12)*10000 -> 14.124083
B15: % Y/Y | H15: =H11/C11-1 -> 0.1147048 | I15: =I11/D11-1 -> 0.13677285 | J15: =J11/E11-1 -> 0.149116
B16: % Q/Q | D16: =D11/C11-1 -> 0.063458942 | E16: =E11/D11-1 -> 0.026027239 | F16: =F11/E11-1 -> -0.055739918 | H16: =H11/F11-1 -> 0.081903741 | I16: =I11/H11-1 -> 0.08451247 | J16: =J11/I11-1 -> 0.037167905
B17: Sequential change ($) | D17: =D11-C11 -> 103.4 | E17: =E11-D11 -> 45.1 | F17: =F11-E11 -> -99.1 | H17: =H11-F11 -> 137.5 | I17: =I11-H11 -> 153.5 | J17: =J11-I11 -> 73.21334
B18: FX impact — not applicable (USD) | C18: 0 | D18: 0 | E18: 0 | F18: 0 | G18: 0 | H18: 0 | I18: 0 | J18: 0
B19: M&A / scope impact | C19: 0 | D19: 0 | E19: 0 | F19: 0 | G19: 0 | H19: 0 | I19: 0 | J19: 0
B20: Organic growth | H20: =(1+H15)/((1+H19)*(1+H18))-1 -> 0.1147048 | I20: =(1+I15)/((1+I19)*(1+I18))-1 -> 0.13677285 | J20: =(1+J15)/((1+J19)*(1+J18))-1 -> 0.149116
B21: Reported DSR % Y/Y, Jul/Aug avg | J21: =Inputs!E124 -> 0.1515
B22: Canada and Mexico | C22: 268.9 | D22: 281.4 | E22: 284.8 | F22: =G22-C22-D22-E22 -> 275.1 | G22: 1110.2 | H22: 306.3 | I22: 333.7 | J22: =E22*(1+J29) -> 340.1936 | L22: S16; S15; S17; S19
B23: % of total revenue | C23: =C22/C42 -> 0.13723589 | D23: =D22/D42 -> 0.13526895 | E23: =E22/E42 -> 0.13350209 | F23: =F22/F42 -> 0.13568434 | G23: =G22/G42 -> 0.13538199 | H23: =H22/H42 -> 0.13911977 | I23: =I22/I42 -> 0.13980477 | J23: =J22/J42 -> 0.13765294 | L23: Denominator: sum of geographies (row 42); see L12
B24: Change Y/Y (bps) | H24: =(H23-C23)*10000 -> 18.838825 | I24: =(I23-D23)*10000 -> 45.358161 | J24: =(J23-E23)*10000 -> 41.508558
B25: Change Q/Q (bps) | D25: =(D23-C23)*10000 -> -19.669369 | E25: =(E23-D23)*10000 -> -17.668656 | F25: =(F23-E23)*10000 -> 21.822544 | H25: =(H23-F23)*10000 -> 34.354308 | I25: =(I23-H23)*10000 -> 6.849966 | J25: =(J23-I23)*10000 -> -21.518259
B26: % Y/Y | H26: =H22/C22-1 -> 0.13908516 | I26: =I22/D22-1 -> 0.18585643 | J26: =J22/E22-1 -> 0.1945
B27: % Q/Q | D27: =D22/C22-1 -> 0.046485682 | E27: =E22/D22-1 -> 0.012082445 | F27: =F22/E22-1 -> -0.034058989 | H27: =H22/F22-1 -> 0.1134133 | I27: =I22/H22-1 -> 0.089454783 | J27: =J22/I22-1 -> 0.019459395
B28: Sequential change ($) | D28: =D22-C22 -> 12.5 | E28: =E22-D22 -> 3.4 | F28: =F22-E22 -> -9.7 | H28: =H22-F22 -> 31.2 | I28: =I22-H22 -> 27.4 | J28: =J22-I22 -> 6.4936
B29: DSR % Y/Y driver (Jul/Aug avg) | J29: =Inputs!E125 -> 0.1945
B30: FX / organic: not disclosed
B31: M&A / scope impact | C31: 0 | D31: 0 | E31: 0 | F31: 0 | G31: 0 | H31: 0 | I31: 0 | J31: 0
B32: All other foreign countries | C32: 61.1 | D32: 66.1 | E32: 70.6 | F32: =G32-C32-D32-E32 -> 73.6 | G32: 271.4 | H32: 79.1 | I32: 83.4 | J32: =E32*(1+J39) -> 88.1794 | L32: S16; S15; S17; S19
B33: % of total revenue | C33: =C32/C42 -> 0.031183015 | D33: =D32/D42 -> 0.031774263 | E33: =E32/E42 -> 0.033094267 | F33: =F32/F42 -> 0.036300863 | G33: =G32/G42 -> 0.033095543 | H33: =H32/H42 -> 0.035926784 | I33: =I32/I42 -> 0.034940718 | J33: =J32/J42 -> 0.035680136 | L33: Denominator: sum of geographies (row 42); see L12
B34: Change Y/Y (bps) | H34: =(H33-C33)*10000 -> 47.437686 | I34: =(I33-D33)*10000 -> 31.664548 | J34: =(J33-E33)*10000 -> 25.858686
B35: Change Q/Q (bps) | D35: =(D33-C33)*10000 -> 5.9124812 | E35: =(E33-D33)*10000 -> 13.200038 | F35: =(F33-E33)*10000 -> 32.06596 | H35: =(H33-F33)*10000 -> -3.7407928 | I35: =(I33-H33)*10000 -> -9.8606576 | J35: =(J33-I33)*10000 -> 7.3941762
B36: % Y/Y | H36: =H32/C32-1 -> 0.29459902 | I36: =I32/D32-1 -> 0.26172466 | J36: =J32/E32-1 -> 0.249
B37: % Q/Q | D37: =D32/C32-1 -> 0.081833061 | E37: =E32/D32-1 -> 0.068078669 | F37: =F32/E32-1 -> 0.042492918 | H37: =H32/F32-1 -> 0.074728261 | I37: =I32/H32-1 -> 0.054361568 | J37: =J32/I32-1 -> 0.057306954
B38: Sequential change ($) | D38: =D32-C32 -> 5 | E38: =E32-D32 -> 4.5 | F38: =F32-E32 -> 3 | H38: =H32-F32 -> 5.5 | I38: =I32-H32 -> 4.3 | J38: =J32-I32 -> 4.7794
B39: DSR % Y/Y driver (Jul/Aug avg) | J39: =Inputs!E126 -> 0.249
B40: FX / organic: not disclosed
B41: M&A / scope impact | C41: 0 | D41: 0 | E41: 0 | F41: 0 | G41: 0 | H41: 0 | I41: 0 | J41: 0
B42: Total net sales (sum of geographies) | C42: =C11+C22+C32 -> 1959.4 | D42: =D11+D22+D32 -> 2080.3 | E42: =E11+E22+E32 -> 2133.3 | F42: =F11+F22+F32 -> 2027.5 | G42: =G11+G22+G32 -> 8200.5 | H42: =H11+H22+H32 -> 2201.7 | I42: =I11+I22+I32 -> 2386.9 | J42: ='Revenue summary'!J12 -> 2471.3863 | L42: 3Q26E total from Revenue summary monthly build
B43: Net sales per Income Statement | C43: ='Income Statement'!C11 -> 1959.4 | D43: ='Income Statement'!D11 -> 2080.3 | E43: ='Income Statement'!E11 -> 2133.3 | F43: ='Income Statement'!F11 -> 2027.4 | G43: ='Income Statement'!G11 -> 8200.4 | H43: ='Income Statement'!H11 -> 2201.7 | I43: ='Income Statement'!I11 -> 2386.9 | J43: ='Income Statement'!J11 -> 2471.3863
B44: Check: Geo = total revenue | C44: =ABS(C42-C43)<0.15 -> TRUE | D44: =ABS(D42-D43)<0.15 -> TRUE | E44: =ABS(E42-E43)<0.15 -> TRUE | F44: =ABS(F42-F43)<0.15 -> TRUE | G44: =ABS(G42-G43)<0.15 -> TRUE | H44: =ABS(H42-H43)<0.15 -> TRUE | I44: =ABS(I42-I43)<0.15 -> TRUE | J44: =ABS(J42-J43)<0.15 -> TRUE | L44: TRUE if |sum - net sales| < 0.15; J44 (3Q26E) is an identity memo (U.S. is the residual), not an independent check
B45: Memo: non-U.S. net sales | C45: =C22+C32 -> 330 | D45: =D22+D32 -> 347.5 | E45: =E22+E32 -> 355.4 | F45: =F22+F32 -> 348.7 | G45: =G22+G32 -> 1381.6 | H45: =H22+H32 -> 385.4 | I45: =I22+I32 -> 417.1 | J45: =J22+J32 -> 428.373
B46: % of total revenue | C46: =C45/C42 -> 0.1684189 | D46: =D45/D42 -> 0.16704321 | E46: =E45/E42 -> 0.16659635 | F46: =F45/F42 -> 0.1719852 | G46: =G45/G42 -> 0.16847753 | H46: =H45/H42 -> 0.17504655 | I46: =I45/I42 -> 0.17474549 | J46: =J45/J42 -> 0.17333308 | L46: Denominator: sum of geographies (row 42); see L12
B47: Change Y/Y (bps) | H47: =(H46-C46)*10000 -> 66.276512 | I47: =(I46-D46)*10000 -> 77.022709 | J47: =(J46-E46)*10000 -> 67.367244
B48: Change Q/Q (bps) | D48: =(D46-C46)*10000 -> -13.756888 | E48: =(E46-D46)*10000 -> -4.4686185 | F48: =(F46-E46)*10000 -> 53.888504 | H48: =(H46-F46)*10000 -> 30.613515 | I48: =(I46-H46)*10000 -> -3.0106916 | J48: =(J46-I46)*10000 -> -14.124083

Sheet Share Count
B2: Fastenal Company (NasdaqGS:FAST)
B3: Share count
B4: Shares in millions; $ millions except per share
B6: Period | C6: 1Q25A | D6: 2Q25A | E6: 3Q25A | F6: 4Q25A | G6: FY25A | H6: 1Q26A | I6: 2Q26A | J6: 3Q26E | L6: Notes / sources
B7: Period end | C7: =DATE(2025,3,31) -> 45747 | D7: =DATE(2025,6,30) -> 45838 | E7: =DATE(2025,9,30) -> 45930 | F7: =DATE(2025,12,31) -> 46022 | G7: =DATE(2025,12,31) -> 46022 | H7: =DATE(2026,3,31) -> 46112 | I7: =DATE(2026,6,30) -> 46203 | J7: =DATE(2026,9,30) -> 46295
B8: Days in period | C8: =C7-DATE(2024,12,31) -> 90 | D8: =D7-C7 -> 91 | E8: =E7-D7 -> 92 | F8: =F7-E7 -> 92 | G8: =G7-DATE(2024,12,31) -> 365 | H8: =H7-F7 -> 90 | I8: =I7-H7 -> 91 | J8: =J7-I7 -> 92
B10: Weighted average shares (split-adjusted for 2-for-1 split effective May 21, 2025)
B11: Change in basic shares (assump.) | J11: -0.1 | L11: Assumption: April-26 buyback (0.65M sh) fully weighted, no 3Q buyback assumed, small option exercises
B12: Basic weighted average shares | C12: 1146.9 | D12: 1147.5 | E12: 1147.9 | F12: 1148 | G12: 1147.6 | H12: 1148.2 | I12: 1147.6 | J12: =I12+J11 -> 1147.5 | L12: S05; S01; S03; S04 (FY25 1,147.6)
B13: Y/Y change | H13: =H12-C12 -> 1.3 | I13: =I12-D12 -> 0.1 | J13: =J12-E12 -> -0.4
B14: Sequential change | D14: =D12-C12 -> 0.6 | E14: =E12-D12 -> 0.4 | F14: =F12-E12 -> 0.1 | H14: =H12-F12 -> 0.2 | I14: =I12-H12 -> -0.6 | J14: =J12-I12 -> -0.1
B15: Dilutive effect of stock options | C15: =C16-C12 -> 2.6 | D15: =D16-D12 -> 2.6 | E15: =E16-E12 -> 3.1 | F15: =F16-F12 -> 2.6 | G15: =G16-G12 -> 2.7 | H15: =H16-H12 -> 2.7 | I15: =I16-I12 -> 2.7 | J15: =I15 -> 2.7 | L15: 3Q26E held at 2Q26 level
B16: Diluted weighted average shares | C16: 1149.5 | D16: 1150.1 | E16: 1151 | F16: 1150.6 | G16: 1150.3 | H16: 1150.9 | I16: 1150.3 | J16: =J12+J15 -> 1150.2 | L16: S05; S01; S03; S04
B17: % Y/Y | H17: =H16/C16-1 -> 0.0012179208 | I17: =I16/D16-1 -> 0.00017389792 | J17: =J16/E16-1 -> -0.00069504778
B18: Sequential change | D18: =D16-C16 -> 0.6 | E18: =E16-D16 -> 0.9 | F18: =F16-E16 -> -0.4 | H18: =H16-F16 -> 0.3 | I18: =I16-H16 -> -0.6 | J18: =J16-I16 -> -0.1
B20: Shares outstanding and buybacks
B21: Shares outstanding, end of period | C21: 1147.2239 | D21: 1147.6176 | E21: 1148.0335 | F21: 1148.0575 | G21: =F21 -> 1148.0575 | H21: 1148.001 | I21: 1147.4944 | J21: =I21-J24 -> 1147.4944 | L21: Balance sheet cover (1Q25: 573,611,957 pre-split x2); 3Q26E = 2Q26 less buyback shares; option-exercise issuance not modeled: no exercise price applies to the 3Q26E $5M (CF J42, to APIC); S15 lists grant prices $11.75-$41.00. EPS unaffected
B22: Sequential change | D22: =D21-C21 -> 0.393649 | E22: =E21-D21 -> 0.415958 | F22: =F21-E21 -> 0.023952 | H22: =H21-F21 -> -0.056489 | I22: =I21-H21 -> -0.506569 | J22: =J21-I21 -> 0
B23: Share repurchases ($, cash flow) | C23: =-'Cash Flow Statement'!C43 -> 0 | D23: =-'Cash Flow Statement'!D43 -> 0 | E23: =-'Cash Flow Statement'!E43 -> 0 | F23: =-'Cash Flow Statement'!F43 -> 0 | G23: =-'Cash Flow Statement'!G43 -> 0 | H23: =-'Cash Flow Statement'!H43 -> 20.3 | I23: =-'Cash Flow Statement'!I43 -> 30 | J23: =-'Cash Flow Statement'!J43 -> 0
B24: Shares repurchased (millions) | C24: 0 | D24: 0 | E24: 0 | F24: 0 | G24: =SUM(C24:F24) -> 0 | H24: 0.425 | I24: 0.65 | J24: 0 | L24: S16 (1Q26 425,000 sh); S15 (2Q26 650,000 sh); none in 2025 (S04); 3Q26E assumption: none (stock above 1H26 buyback prices)
B25: Avg repurchase price ($/sh) | H25: =H23/H24 -> 47.764706 | I25: =I23/I24 -> 46.153846
B26: Option exercise proceeds ($, cash flow) | C26: ='Cash Flow Statement'!C42 -> 11.2 | D26: ='Cash Flow Statement'!D42 -> 6.1 | E26: ='Cash Flow Statement'!E42 -> 6.6 | F26: ='Cash Flow Statement'!F42 -> 0.4 | G26: ='Cash Flow Statement'!G42 -> 24.3 | H26: ='Cash Flow Statement'!H42 -> 7.6 | I26: ='Cash Flow Statement'!I42 -> 2.8 | J26: ='Cash Flow Statement'!J42 -> 5
B28: Dividends
B29: Dividends declared per share | C29: 0.215 | D29: 0.22 | E29: 0.22 | F29: 0.22 | G29: =SUM(C29:F29) -> 0.875 | H29: 0.24 | I29: 0.24 | J29: 0.26 | L29: 10-Q dividend tables; 3Q26 $0.26 declared Jul 10, 2026 (S15)
B30: % Y/Y | H30: =H29/C29-1 -> 0.11627907 | I30: =I29/D29-1 -> 0.090909091 | J30: =J29/E29-1 -> 0.18181818
B31: Cash dividends paid ($, cash flow) | C31: =-'Cash Flow Statement'!C44 -> 246.7 | D31: =-'Cash Flow Statement'!D44 -> 252.5 | E31: =-'Cash Flow Statement'!E44 -> 252.5 | F31: =-'Cash Flow Statement'!F44 -> 252.6 | G31: =-'Cash Flow Statement'!G44 -> 1004.3 | H31: =-'Cash Flow Statement'!H44 -> 275.6 | I31: =-'Cash Flow Statement'!I44 -> 275.4 | J31: =-'Cash Flow Statement'!J44 -> 298.34855
B32: Dividends as % of net income | C32: =C31/'Income Statement'!C45 -> 0.82591229 | D32: =D31/'Income Statement'!D45 -> 0.76445655 | E32: =E31/'Income Statement'!E45 -> 0.75260805 | F32: =F31/'Income Statement'!F45 -> 0.85889153 | G32: =G31/'Income Statement'!G45 -> 0.7979501 | H32: =H31/'Income Statement'!H45 -> 0.81106533 | I32: =I31/'Income Statement'!I45 -> 0.71943574 | J32: =J31/'Income Statement'!J45 -> 0.76283893
B33: Change Y/Y (bps) | H33: =(H32-C32)*10000 -> -148.46954 | I33: =(I32-D32)*10000 -> -450.20818 | J33: =(J32-E32)*10000 -> 102.3088
B34: Change Q/Q (bps) | D34: =(D32-C32)*10000 -> -614.55732 | E34: =(E32-D32)*10000 -> -118.48507 | F34: =(F32-E32)*10000 -> 1062.8349 | H34: =(H32-F32)*10000 -> -478.26201 | I34: =(I32-H32)*10000 -> -916.29596 | J34: =(J32-I32)*10000 -> 434.03191
B36: Share count behind the forecast EPS
B37: Diluted shares used for 3Q26E EPS | J37: =J16 -> 1150.2
B38: Last close price ($, CapIQ) | J38: =Inputs!C94 -> 50.75
B39: Implied market cap ($M) | J39: =J38*I21 -> 58235.342

Sheet Guidance
B2: Fastenal Company (NasdaqGS:FAST)
B3: Guidance and guidance track record
B4: $ millions, except per share and as noted
B6: Period | C6: 1Q25A | D6: 2Q25A | E6: 3Q25A | F6: 4Q25A | G6: FY25A | H6: 1Q26A | I6: 2Q26A | J6: 3Q26E | L6: Notes / sources
B7: Period end | C7: =DATE(2025,3,31) -> 45747 | D7: =DATE(2025,6,30) -> 45838 | E7: =DATE(2025,9,30) -> 45930 | F7: =DATE(2025,12,31) -> 46022 | G7: =DATE(2025,12,31) -> 46022 | H7: =DATE(2026,3,31) -> 46112 | I7: =DATE(2026,6,30) -> 46203 | J7: =DATE(2026,9,30) -> 46295
B8: Days in period | C8: =C7-DATE(2024,12,31) -> 90 | D8: =D7-C7 -> 91 | E8: =E7-D7 -> 92 | F8: =F7-E7 -> 92 | G8: =G7-DATE(2024,12,31) -> 365 | H8: =H7-F7 -> 90 | I8: =I7-H7 -> 91 | J8: =J7-I7 -> 92
B9: Note: the period strip in rows 6-8 is template navigation only; the tables below are not organised by period columns.
B10: Metric (period) | C10: Date given | D10: Period | E10: Low | F10: High | G10: Midpoint | H10: Actual / est. | I10: Beat/miss | J10: Units
B11: Net capex (FY25) | C11: 2025-10-13 | D11: FY2025 | E11: 235 | F11: 255 | G11: =(E11+F11)/2 -> 245 | H11: =-'Cash Flow Statement'!G57 -> 230.6 | I11: =IF(H11>F11,"Above",IF(H11<E11,"Below","Within")) -> Below | J11: $M | L11: S03 guide; actual S04 $230.6M
B12: FMI signings, MEUs (FY25) | C12: 2025-10-13 | D12: FY2025 | E12: 25000 | F12: 26000 | G12: =(E12+F12)/2 -> 25500 | H12: ='Revenue summary'!G363 -> 25892 | I12: =IF(H12>F12,"Above",IF(H12<E12,"Below","Within")) -> Within | J12: MEUs | L12: S03; actual S04 25,892
B13: Ongoing tax rate (4Q25) | C13: 2025-10-13 | D13: 4Q2025 | E13: 0.245 | F13: 0.245 | G13: =(E13+F13)/2 -> 0.245 | H13: ='Income Statement'!F42 -> 0.23530941 | I13: =IF(H13>F13,"Above",IF(H13<E13,"Below","Within")) -> Below | J13: % | L13: S03 "approximately 24.5%"
B14: Ongoing tax rate (1Q26) | C14: 2026-01-20 | D14: 1Q2026 | E14: 0.245 | F14: 0.245 | G14: =(E14+F14)/2 -> 0.245 | H14: ='Income Statement'!H42 -> 0.24219447 | I14: =IF(H14>F14,"Above",IF(H14<E14,"Below","Within")) -> Below | J14: % | L14: S04
B15: Ongoing tax rate (2Q26) | C15: 2026-04-13 | D15: 2Q2026 | E15: 0.246 | F15: 0.246 | G15: =(E15+F15)/2 -> 0.246 | H15: ='Income Statement'!I42 -> 0.23760207 | I15: =IF(H15>F15,"Above",IF(H15<E15,"Below","Within")) -> Below | J15: % | L15: S05
B16: Ongoing tax rate (3Q26E) | C16: 2026-07-14 | D16: 3Q2026 | E16: 0.246 | F16: 0.246 | G16: =(E16+F16)/2 -> 0.246 | H16: ='Income Statement'!J42 -> 0.242 | I16: =IF(H16>F16,"Est. above",IF(H16<E16,"Est. below","Est. within")) -> Est. below | J16: % | L16: S01; estimate, not actual
B17: Net capex (FY26) | C17: 2026-07-14 | D17: FY2026 | E17: 310 | F17: 330 | G17: =(E17+F17)/2 -> 320 | I17: Pending | J17: $M | L17: S04 initial; reaffirmed S05, S01; 1H26 actual $118.2M per S01 YTD (quarterly CF H57+I57 sums to $118.1M: 0.1 source rounding)
B18: FMI signings (FY26), initial | C18: 2026-01-20 | D18: FY2026 | E18: 28000 | F18: 30000 | G18: =(E18+F18)/2 -> 29000 | I18: Pending | J18: MEUs | L18: S04; lowered on 2026-07-14
B19: FMI signings (FY26), revised | C19: 2026-07-14 | D19: FY2026 | E19: 27000 | F19: 29000 | G19: =(E19+F19)/2 -> 28000 | I19: Pending | J19: MEUs | L19: S01; 1H26 13,943
B20: GM 2Q-to-3Q change guide (bps) | C20: 2026-07-14 | D20: 3Q2026 | E20: -20 | F20: -10 | G20: =(E20+F20)/2 -> -15 | I20: Used in model | J20: bps | L20: S02: "between 10 and 20 bps drop" (normal year)
B21: Gross margin 3Q26E (-10-20bp) | C21: 2026-07-14 | D21: 3Q2026 | E21: ='Income Statement'!I18+E20/10000 -> 0.44359889 | F21: ='Income Statement'!I18+F20/10000 -> 0.44459889 | G21: =(E21+F21)/2 -> 0.44409889 | H21: ='Income Statement'!J18 -> 0.44409889 | I21: =IF(H21>F21,"Est. above",IF(H21<E21,"Est. below","Est. within")) -> Est. within | J21: % | L21: S02 call; estimate, not actual
B22: Revenue / NI / EPS (3Q26) | C22: — | D22: 3Q2026 | I22: n/a | L22: Not guided: Fastenal provides no revenue/EPS guidance
B24: Track record: Fastenal gives no EPS or revenue guidance, so there is no guidance-midpoint cushion to exploit; operational guides land within or slightly below ranges.

Sheet Sources
B2: Fastenal Company (NasdaqGS:FAST)
B3: Sources
B4: Listed publication dates precede the information cutoff 2026-10-11T22:24Z; 'Undated'/'Unavailable' = no publication date in preserved metadata
B6: Period | C6: 1Q25A | D6: 2Q25A | E6: 3Q25A | F6: 4Q25A | G6: FY25A | H6: 1Q26A | I6: 2Q26A | J6: 3Q26E | L6: Notes / sources
B7: Period end | C7: =DATE(2025,3,31) -> 45747 | D7: =DATE(2025,6,30) -> 45838 | E7: =DATE(2025,9,30) -> 45930 | F7: =DATE(2025,12,31) -> 46022 | G7: =DATE(2025,12,31) -> 46022 | H7: =DATE(2026,3,31) -> 46112 | I7: =DATE(2026,6,30) -> 46203 | J7: =DATE(2026,9,30) -> 46295
B8: Days in period | C8: =C7-DATE(2024,12,31) -> 90 | D8: =D7-C7 -> 91 | E8: =E7-D7 -> 92 | F8: =F7-E7 -> 92 | G8: =G7-DATE(2024,12,31) -> 365 | H8: =H7-F7 -> 90 | I8: =I7-H7 -> 91 | J8: =J7-I7 -> 92
B9: Note: the period strip in rows 6-8 is template navigation only; the tables below are not organised by period columns.
B10: ID and document | C10: Published | D10: Retrieved | E10: Publisher | H10: Feeds | L10: URL or file
B11: S01 2Q26 earnings release (8-K) | C11: 2026-07-14 | D11: 2026-10-12 | E11: Fastenal / SEC EDGAR | H11: IS/BS/CF 2Q26 and 2Q25; mix, sites, FMI; tax guide; capex guide | L11: https://www.sec.gov/Archives/edgar/data/815556/000081555626000037/ex_99106302026earningsrele.htm
B12: S02 2Q26 earnings call transcript | C12: 2026-07-21 | D12: 2026-10-12 | E12: The Motley Fool | H12: 3Q gross-margin guide (-10 to -20 bp seq.); incrementals; pricing | L12: https://www.fool.com/earnings/call-transcripts/2026/07/21/fastenal-fast-q2-2026-earnings-call-transcript/
B13: S03 3Q25 earnings release (8-K) | C13: 2025-10-13 | D13: 2026-10-12 | E13: Fastenal / SEC EDGAR | H13: IS/BS/CF 3Q25; old-format mix; FX; pricing | L13: https://www.sec.gov/Archives/edgar/data/815556/000081555625000116/ex_99109302025earningsrele.htm
B14: S04 4Q25/FY25 earnings release (8-K) | C14: 2026-01-20 | D14: 2026-10-12 | E14: Fastenal / SEC EDGAR | H14: IS/BS/CF 4Q25, FY25; capex and FMI guides | L14: https://www.sec.gov/Archives/edgar/data/815556/000081555626000003/ex_99112312025earningsrele.htm
B15: S05 1Q26 earnings release (8-K) | C15: 2026-04-13 | D15: 2026-10-12 | E15: Fastenal / SEC EDGAR | H15: IS/BS/CF 1Q26 and 1Q25; mix; sites; FMI | L15: https://www.sec.gov/Archives/edgar/data/815556/000081555626000019/ex_99103312026earningsrele.htm
B16: S06 CapIQ snapshot files | C16: 2026-10-11 | D16: 2026-10-12 | E16: S&P Capital IQ (supplied) | H16: Inputs A-D; consensus; history EPS; revenue actuals | L16: workspace/FAST_history.csv; workspace/FAST_consensus.json
B17: S07 July 2026 monthly sales release | C17: 2026-08-06 | D17: 2026-10-12 | E17: Fastenal IR / BigGo | H17: July sales, days, mix, FX, headcount | L17: https://finance.biggo.com/news/ir_FAST_20260806_a502d1cfefa4
B18: S08 August 2026 sales (MDM) | C18: 2026-09-04 | D18: 2026-10-12 | E18: Modern Distribution Management | H18: August sales and mix | L18: https://www.mdm.com/news/top-distributor-sectors/contractor/august-was-fastenals-best-sales-growth-in-4-years/
B19: S09 August 2026 net sales $812.06M | C19: Undated (page: updated 2026-09-04) | D19: 2026-10-12 | E19: Intellectia.AI | H19: August net sales $812.06M; daily $38.67M (21 days) | L19: https://intellectia.ai/news/stock/fastenal-reports-august-net-sales-up-166-to-81206m
B20: S10 August 2025 comparative | C20: 2026-09-23 | D20: 2026-10-12 | E20: Kalkine | H20: August 2025 comparative $696.7M | L20: https://kalkine.com/news/industrials/how-fastenal-nasdaqfast-posted-its-fastest-monthly-sales-growth-in-four-years
B21: S11 3Q26 preview: September pace | C21: 2026-10-11 | D21: 2026-10-12 | E21: Trend & Ticker | H21: Sep-26 21 business days; consensus implies ~10.7% Sep growth | L21: https://trendandticker.com/markets/industrials/fastenal-fast-q3-2026-earnings-preview-september-sales
... B36: S26 Tradestie preview (revisions) | C36: 2026-10-07 | D36: 2026-10-12 | E36: Tradestie | H36: Estimate-revision direction (already in consensus) | L36: https://tradestie.com/news/fast-earnings-oct-14-034-eps-expected-key-levels-to-watch-20261014/
B38: Omitted tabs: "Segment - <name>" tabs omitted — FY2025 10-K Note 10 (S18) reports one reportable segment (U.S.); drivers are built on Revenue summary.
B39: Inputs tab is placed after Sources: it embeds the raw CapIQ summary row and six history rows as required, plus monthly-release data and prior calibration.
B40: Retrieval: web sources retrieved 2026-10-12 (UTC), after the 2026-10-11T22:24Z cutoff (documented limitation; no frozen pre-cutoff snapshots asserted). Listed publication dates are on or before the cutoff date (S11 same-day; S09/S14/S20/S21/S22 undated in metadata; see B43:B44).
B41: Target-quarter actuals (3Q26 results, September 2026 sales) were not published before the cutoff and were not seen.
B42: S02: publication corrected to 2026-07-21 (Motley Fool posting per preserved fetch header and URL); the call itself was held 2026-07-14 (Guidance dates unchanged).
B43: S26: URL suffix '-20261014' is the earnings event date; preserved search metadata dates the article 2026-10-07. S11 is dated 2026-10-11 without a time (unresolved vs 22:24Z).
B44: S09, S14, S20, S21, S22 are undated in preserved search metadata, so column C shows 'Undated'/'Unavailable': S09/S21/S22 show only the page's own updated/as-of date and S14 the date printed in the document (10/6/26), not a metadata publication date; S20 has no date. Mutable pages (S20-S24, S26) may have changed after publication (unresolved; forecast inputs unchanged).

Sheet Inputs
B2: Fastenal Company (NasdaqGS:FAST)
B3: Inputs (CapIQ raw data, monthly releases, prior calibration)
B4: $ millions, except per share; raw values as supplied
B6: Period | C6: 1Q25A | D6: 2Q25A | E6: 3Q25A | F6: 4Q25A | G6: FY25A | H6: 1Q26A | I6: 2Q26A | J6: 3Q26E | L6: Notes / sources
B7: Period end | C7: =DATE(2025,3,31) -> 45747 | D7: =DATE(2025,6,30) -> 45838 | E7: =DATE(2025,9,30) -> 45930 | F7: =DATE(2025,12,31) -> 46022 | G7: =DATE(2025,12,31) -> 46022 | H7: =DATE(2026,3,31) -> 46112 | I7: =DATE(2026,6,30) -> 46203 | J7: =DATE(2026,9,30) -> 46295
B8: Days in period | C8: =C7-DATE(2024,12,31) -> 90 | D8: =D7-C7 -> 91 | E8: =E7-D7 -> 92 | F8: =F7-E7 -> 92 | G8: =G7-DATE(2024,12,31) -> 365 | H8: =H7-F7 -> 90 | I8: =I7-H7 -> 91 | J8: =J7-I7 -> 92
B9: Note: the period strip in rows 6-8 is template navigation only; the tables below are not organised by period columns.
B10: A. CapIQ history — FAST_history.csv (all six rows, raw, columns as supplied)
B11: period_end_date | C11: report_date | D11: eps_normalized_consensus | E11: eps_normalized_actual | F11: eps_gaap_consensus | G11: eps_gaap_actual | H11: revenue_m_consensus | I11: revenue_m_actual | J11: surprise_usd (calc) | L11: S06: FAST_history.csv SHA256 aff60d26...a246; 6 rows x 8 columns; strings kept for dates
B12: 2025-03-31 | C12: 2025-04-11 | D12: 0.26 | E12: 0.26 | F12: 0.26 | G12: 0.26 | H12: 1950.82 | I12: 1959.4 | J12: =E12-D12 -> 0
B13: 2025-06-30 | C13: 2025-07-14 | D13: 0.27 | E13: 0.29 | F13: 0.27 | G13: 0.29 | H13: 2068.38 | I13: 2080.3 | J13: =E13-D13 -> 0.02
B14: 2025-09-30 | C14: 2025-10-13 | D14: 0.3 | E14: 0.29 | F14: 0.3 | G14: 0.29 | H14: 2131.48 | I14: 2133.3 | J14: =E14-D14 -> -0.01
B15: 2025-12-31 | C15: 2026-01-20 | D15: 0.26 | E15: 0.26 | F15: 0.26 | G15: 0.26 | H15: 2041.76 | I15: 2027.4 | J15: =E15-D15 -> 0
B16: 2026-03-31 | C16: 2026-04-13 | D16: 0.3 | E16: 0.3 | F16: 0.3 | G16: 0.3 | H16: 2196.47 | I16: 2201.7 | J16: =E16-D16 -> 0
B17: 2026-06-30 | C17: 2026-07-14 | D17: 0.33 | E17: 0.33 | F17: 0.33 | G17: 0.33 | H17: 2338.43 | I17: 2386.9 | J17: =E17-D17 -> 0
B19: B. Historical normalized EPS surprise (calc from section A)
B20: Quarter | C20: Actual | D20: Consensus | E20: Surprise $ | F20: Strict beat | G20: Strict miss
B21: 1Q25A | C21: =E12 -> 0.26 | D21: =D12 -> 0.26 | E21: =C21-D21 -> 0 | F21: =C21>D21 -> FALSE | G21: =C21<D21 -> FALSE
B22: 2Q25A | C22: =E13 -> 0.29 | D22: =D13 -> 0.27 | E22: =C22-D22 -> 0.02 | F22: =C22>D22 -> TRUE | G22: =C22<D22 -> FALSE
B23: 3Q25A | C23: =E14 -> 0.29 | D23: =D14 -> 0.3 | E23: =C23-D23 -> -0.01 | F23: =C23>D23 -> FALSE | G23: =C23<D23 -> TRUE
B24: 4Q25A | C24: =E15 -> 0.26 | D24: =D15 -> 0.26 | E24: =C24-D24 -> 0 | F24: =C24>D24 -> FALSE | G24: =C24<D24 -> FALSE
B25: 1Q26A | C25: =E16 -> 0.3 | D25: =D16 -> 0.3 | E25: =C25-D25 -> 0 | F25: =C25>D25 -> FALSE | G25: =C25<D25 -> FALSE
B26: 2Q26A | C26: =E17 -> 0.33 | D26: =D17 -> 0.33 | E26: =C26-D26 -> 0 | F26: =C26>D26 -> FALSE | G26: =C26<D26 -> FALSE
B28: C. CapIQ consensus snapshot — FAST_consensus.json summary_row (complete, raw; blanks preserved)
B29: Field | C29: Value (raw) | L29: S06: FAST_consensus.json summary_row; summary_sha256 edbf949d...8c16; blank source values left empty
B30: ticker | C30: FAST
B31: company_name | C31: Fastenal Company
B32: exchange_ticker | C32: NasdaqGS:FAST
B33: capiq_company_id | C33: 270747
B34: sp500_member | C34: Y
B35: market_cap_usd_m
B36: fiscal_quarter | C36: FQ3 2026 - Sep 2026
B37: quarter_end_date | C37: 2026-09-30
B38: expected_report_date | C38: 2026-10-14
B39: fiscal_year_end | C39: Dec-31
B40: analysts_covering | C40: 18
B41: eps_normalized_mean | C41: 0.34
B42: eps_normalized_median | C42: 0.34
B43: eps_normalized_high | C43: 0.35
B44: eps_normalized_low | C44: 0.32
B45: eps_normalized_std_dev | C45: 0.01
B46: eps_normalized_n_est | C46: 14
B47: eps_normalized_guidance
B48: eps_normalized_guidance_low
B49: eps_normalized_guidance_high
B50: eps_gaap_mean | C50: 0.34
B51: eps_gaap_median | C51: 0.34
B52: eps_gaap_high | C52: 0.35
B53: eps_gaap_low | C53: 0.32
B54: eps_gaap_std_dev | C54: 0.01
B55: eps_gaap_n_est | C55: 11
B56: eps_gaap_guidance
B57: revenue_m_mean | C57: 2440.33
B58: revenue_m_median | C58: 2459.8
B59: revenue_m_high | C59: 2491
B60: revenue_m_low | C60: 2359.4
B61: revenue_m_std_dev | C61: 46.98
B62: revenue_m_n_est | C62: 12
B63: revenue_m_guidance
B64: revenue_m_guidance_low
B65: revenue_m_guidance_high
B66: ebitda_m | C66: 563.54
B67: ebit_m | C67: 511.61
B68: ebt_excl_excep_m | C68: 511.02
B69: ebt_gaap_m | C69: 509.92
B70: net_income_excl_excep_m | C70: 387.16
B71: net_income_gaap_m | C71: 386.17
B72: gross_margin_pct
B73: effective_tax_rate_pct
B74: d_and_a_m | C74: 46.08
B75: capex_m
B76: cfo_m
B77: fcf_m
B78: interest_expense_m
B79: net_debt_m | C79: -135
B80: cfps
B81: bvps
B82: dps
B83: nav_m
B84: navps
B85: roe_pct
B86: target_price_mean | C86: 48.84
B87: target_price_median | C87: 49
B88: target_price_high | C88: 59
B89: target_price_low | C89: 39.9
B90: target_price_std_dev | C90: 5.52
B91: target_price_n_est | C91: 13
B92: recommendation | C92: Hold
B93: recommendation_score | C93: 2.72
B94: last_close_price | C94: 50.75
B95: wk52_high_low | C95: 52.92/38.97
B96: currency | C96: USD
B97: units | C97: per-share in USD; revenue and income in USD millions
B98: estimates_captured_at | C98: 2026-10-11
B99: notes
B101: D. CapIQ file metadata
B102: source | C102: S&P Capital IQ
B103: ticker | C103: FAST
B104: company | C104: Fastenal Company
B105: fiscal_period | C105: FQ3 2026 - Sep 2026
...
